Cogmind - Beta 15 @@@ ROGUE MODE // 2025.07.08 @ 07:42:36 Player: puppuppit Result: Destroyed by S-43 Plague with Heavy Machine Gun Performance ------------- Evolutions (8) 4000 Regions Visited (26) 5200 Robots Destroyed (675) 3375 Value Destroyed (25687) 25687 Prototype IDs (108) 2160 Alien Tech Used (3) 600 Bonus (19274) 19274 TOTAL SCORE: 60296 Bonus ------- Triggered High Security 1500 High Alert Combat Kills 8328 Follower Combat Kills 2692 Registered with UFD 300 Met Optimus in HQ 500 Met Zhirov 300 Met Warlord at Base 500 MAIN.C Attacked Warlord 500 Warlord Defense Kills 4034 Hacked Protovariant 500 Acquired SGEMP 2000 Friendly Fire -1880 Cogmind --------- Core Integrity 0/1450 Matter 229/300 Energy 99/100 System Corruption 10% Temperature Cool (0) Movement Core (50) Location -2/Research Parts ------- > --- POWER (2) -------- (None) > --- PROPULSION (7) --- (None) > --- UTILITY (9) ------ (None) > --- WEAPON (5) ------- (None) > --- INVENTORY (5) ---- Experimental Matter Compressor (0) Compact Mass Driver Vortex Lance (11) SGEMP Prototype Peak State ------------ > --- POWER ------------ Graviton Reactor Graviton Reactor > --- PROPULSION ------- Improved Antigrav System Improved Antigrav System Improved Antigrav System Cooled Antigrav System Antigrav Array > --- UTILITY ---------- Experimental Coolant Injector Large Storage Unit 0b10 Decoder Chip [Looter] Experimental Targeting Computer Advanced Target Analyzer Experimental Core Analyzer Improved Armor Integrity Analyzer Experimental Hacking Suite A0-MCA's Component Scanner > --- WEAPON ----------- Gamma Rifle Gamma Rifle Railgun Compact Mass Driver > --- INVENTORY -------- Graviton Reactor Graviton Reactor Improved Antigrav System Improved Antigrav System Improved Antigrav System Improved Antigrav System High-capacity Matter Pod Improved Matter Compressor Advanced Target Analyzer Authchip [Device] Transdimensional Reconstructor Railgun Advanced Remote Datajack Vortex Lance [Rating: 168] Favorites ----------- Power Enhanced Nuclear Core Engine Reinforced Deuterium Engine Power Core Enhanced Nuclear Core Reactor Micro Antimatter Reactor Propulsion Antigrav System Treads Light Treads Leg Carbon-fiber Leg Wheel Wheel Hover Unit Antigrav System Flight Unit Xenon Bombardment Thruster Utility Large Storage Unit Device Advanced Heat Sink Storage Large Storage Unit Processor Core Analyzer Hackware Hacking Suite Protection Reflective Plating Weapon Light Antimatter Cannon Energy Gun Gamma Rifle Energy Cannon Plasma Cannon Ballistic Gun Railgun Ballistic Cannon Light Antimatter Cannon Launcher Tiamat Missile Launcher Special Weapon RU-N14's Throwing Claymores v3 Impact Weapon Great Maul Piercing Weapon Vortex Lance Build | -11 -10 -10 -10 -9 -8 -7 -7 -7 -7 -5 -5 -5 -5 -5 -5 -4 -4 -4 -4 -4 -4 -4 -3 -3 -3 -2 ------- Run | Yrd Mat Min Exi Min Mat Fac Sto Rec Scr Fac Was Fac Upp Upp War Pro Fac Was Fac Upp Upp Zhi Pro Res Tes Res Slots Evolved 16 | . . . . . 4 2 . . . 4 . . . . . . 2 . . . . . . 2 . 2 Power 1 | . . . . . . . . . . 1 . . . . . . . . . . . . . . . . Propulsion 5 | . . . . . 1 1 . . . 1 . . . . . . 1 . . . . . . . . 1 Utility 7 | . . . . . 1 1 . . . 2 . . . . . . 1 . . . . . . 2 . . Weapon 3 | . . . . . 2 . . . . . . . . . . . . . . . . . . . . 1 Parts Attached 399 | 7 8 8 1 2 44 34 23 4 5 15 1 43 16 2 13 1 14 . 23 6 1 3 4 73 40 8 Power 51 | 1 1 2 . . 3 3 3 . . 1 . 6 1 1 . . 1 . 4 2 . 2 1 12 6 1 Engine 15 | 1 1 . . . 3 2 2 . . 1 . 2 1 1 . . . . . . . . . . 1 . Core 12 | . . 2 . . . 1 1 . . . . 4 . . . . 1 . 1 1 . 1 . . . . Reactor 24 | . . . . . . . . . . . . . . . . . . . 3 1 . 1 1 12 5 1 Propulsion 137 | 2 2 3 . . 18 6 8 2 . 5 . 21 3 . 2 1 6 . 12 . . . 3 27 15 1 Treads 24 | 2 . . . . 12 6 4 . . . . . . . . . . . . . . . . . . . Leg 25 | . . . . . 1 . 4 2 . 5 . 13 . . . . . . . . . . . . . . Wheel 8 | . 2 3 . . 3 . . . . . . . . . . . . . . . . . . . . . Hover 79 | . . . . . 2 . . . . . . 8 3 . 2 1 6 . 12 . . . 3 27 15 . Flight 1 | . . . . . . . . . . . . . . . . . . . . . . . . . . 1 Utility 106 | 2 2 1 1 1 8 13 6 1 4 4 . 8 6 1 3 . 2 . 7 3 1 . . 19 9 4 Device 39 | 1 1 . . . 1 3 2 . 3 3 . 4 3 1 2 . . . 2 1 . . . 6 3 3 Storage 8 | 1 1 . 1 . . 1 . . 1 . . . . . . . . . . 1 . . . 1 1 . Processor 20 | . . . . . 1 2 . . . . . 2 2 . 1 . . . 1 1 1 . . 6 3 . Hackware 22 | . . . . . 3 3 2 1 . 1 . 2 . . . . 2 . 3 . . . . 5 . . Protection 17 | . . 1 . 1 3 4 2 . . . . . 1 . . . . . 1 . . . . 1 2 1 Artifact . | . . . . . . . . . . . . . . . . . . . . . . . . . . . Weapon 105 | 2 3 2 . 1 15 12 6 1 1 5 1 8 6 . 8 . 5 . . 1 . 1 . 15 10 2 Energy Gun 10 | 1 1 . . . . . . . . . . . . . . . . . . . . . . 4 4 . Energy Cannon 1 | . . . . . . . 1 . . . . . . . . . . . . . . . . . . . Ballistic Gun 34 | 1 . 1 . 1 14 2 1 1 . . . . 5 . . . . . . . . . . 6 2 . Ballistic Cannon 40 | . 2 . . . . 9 3 . 1 4 1 4 1 . . . 5 . . 1 . 1 . 5 2 1 Launcher 7 | . . 1 . . 1 1 1 . . 1 . . . . . . . . . . . . . . 1 1 Special Weapon 10 | . . . . . . . . . . . . 2 . . 7 . . . . . . . . . 1 . Impact Weapon 2 | . . . . . . . . . . . . 2 . . . . . . . . . . . . . . Slashing Weapon . | . . . . . . . . . . . . . . . . . . . . . . . . . . . Piercing Weapon 1 | . . . . . . . . . . . . . . . 1 . . . . . . . . . . . Special Melee Weapon . | . . . . . . . . . . . . . . . . . . . . . . . . . . . Unidentified Prototypes 16 | . . . . . 3 . 3 . . 1 . 1 . . . . . . . . 1 1 . . 6 . Corrupted Parts 1 | . . . . . . . . . . . . . . . . 1 . . . . . . . . . . System Corruption 10 | . . . . . . . . . . . . . . . . 10 . . . . . . . . . . Parts Lost 132 | . 3 4 . 2 10 12 17 1 . 1 2 3 . . . . 6 . 3 1 1 . . 24 22 20 Power 13 | . . . . 1 . 1 1 . . . 1 1 . . . . 1 . . 1 1 . . 2 2 1 Propulsion 60 | . 2 3 . . 5 4 7 1 . . 1 1 . . . . 4 . 3 . . . . 10 8 11 Utility 27 | . . . . . 1 3 4 . . 1 . 1 . . . . . . . . . . . 5 6 6 Weapon 32 | . 1 1 . 1 4 4 5 . . . . . . . . . 1 . . . . . . 7 6 2 Highest Loss Streak 11 | . 1 2 . 1 3 3 6 1 . 1 2 2 . . . . 4 . 1 1 1 . . 4 8 11 To Critical Strikes . | . . . . . . . . . . . . . . . . . . . . . . . . . . . Average Backups 13 | . 4 9 9 10 14 14 11 12 14 13 13 13 14 14 14 14 13 13 13 15 15 14 15 14 14 10 Power . | . . . 2 2 2 . 1 1 . . . . . . . 1 1 1 1 . . . . . 1 . Propulsion 1 | . . 1 1 1 1 1 . . . . . 1 2 3 3 3 1 1 1 3 3 3 3 2 5 2 Utility 6 | . 3 4 3 4 6 6 8 7 9 8 7 6 4 4 5 5 5 5 4 6 7 7 6 5 2 4 Weapon 4 | . . 2 3 3 3 5 1 2 4 5 5 5 5 5 4 4 4 5 4 4 4 3 3 3 3 2 Tool/Special . | . . . . . . . . . . . . . . . . . . . . . . . . . . . Unused Backups 55 | . . 2 4 1 7 6 . 1 1 5 1 3 1 3 1 . . . 4 1 . 1 . 7 1 5 Power 4 | . . . . 1 . 2 . . . . . . . . . . . . 1 . . . . . . . Propulsion 6 | . . . . . . 2 . . . . . 1 . . . . . . . . . . . 2 . 1 Utility 27 | . . 2 4 . 6 1 . 1 . . . 1 1 2 . . . . 3 1 . 1 . 1 . 3 Weapon 13 | . . . . . 1 1 . . 1 5 1 1 . 1 1 . . . . . . . . 1 . . Tool/Special 5 | . . . . . . . . . . . . . . . . . . . . . . . . 3 1 1 Average Slot Usage (%) 95 | . 96 99 100 94 98 99 89 95 97 94 89 93 100 100 99 100 96 94 93 93 93 76 94 95 96 70 Engine 3 | . 14 . . . 8 6 5 . . 1 3 . 5 5 5 5 1 . . . . . . . . . Core 3 | . . 13 14 10 . . . 7 7 5 5 9 4 5 5 5 8 10 8 7 9 7 5 . . . Reactor 1 | . . . . . . . . . . . . . . . . . . . 1 2 . . 4 8 8 5 Treads 7 | . 16 . . . 20 29 20 . . . . . . . . . . . . . . . . . . . Leg 6 | . . . . . . . 5 30 30 27 25 22 . . . . . . . . . . . . . . Wheel 2 | . 10 27 28 28 5 . . . . . . . . . . . . . . . . . . . . . Hover 10 | . . . . . . . . . . . . 5 29 29 29 29 28 26 25 26 26 26 26 24 27 19 Device 7 | . 14 10 . . 1 8 6 7 7 15 16 15 10 11 11 11 5 5 4 10 8 9 10 4 4 8 Storage 6 | . 14 14 14 14 9 7 7 7 7 5 5 5 5 5 5 5 5 5 5 5 5 5 5 4 6 3 Processor 9 | . . . . . 7 . 7 7 7 5 5 9 13 17 17 17 15 15 11 15 15 15 15 23 20 15 Hackware 4 | . . . . . 4 9 2 1 3 4 5 2 3 . . . 8 10 14 5 5 5 5 5 4 4 Protection 2 | . . 3 14 14 4 3 4 5 1 . . . . . . . . . . . 1 . . 1 2 . Ballistic Gun 11 | . 12 21 28 27 35 4 1 10 7 . . . 14 23 16 23 9 . . . . . . 10 10 . Ballistic Cannon 12 | . 9 5 . . . 25 22 15 22 22 17 15 3 . . . 10 20 20 20 21 4 20 6 2 7 Peak Build Rating 168 | 9 9 11 11 12 33 40 46 50 56 79 78 93 98 99 124 115 135 132 146 148 146 147 150 168 166 164 Average Rating 75 | 6 8 9 10 10 27 34 35 46 52 69 70 79 94 97 111 115 127 131 140 143 144 118 149 154 153 121 On Entrance 81 | . 9 8 10 11 9 33 29 46 49 50 75 52 92 98 98 115 115 131 132 145 145 140 146 150 157 147 Naked Turns 4 | . . . . . . . . . . . . . . . . . . . . . . . . . . 4 Heaviest Build 83 | 14 22 22 29 33 58 62 56 64 54 78 78 83 59 58 72 56 57 55 63 71 72 66 69 75 77 72 Greatest Support 90 | 40 40 26 20 20 63 80 80 55 55 80 80 86 56 56 56 58 68 64 74 74 74 74 74 77 85 90 Greatest Overweight (x) 6 | . 6 6 1 1 3 . 1 1 . 1 1 1 1 1 1 1 . . . . . . 1 1 1 2 Average Overweight (x) . | . . . . 1 . . . . . . . . . . . . . . . . . . . . . . Largest Inventory Capacity 15 | 8 10 10 15 15 15 15 15 15 15 15 15 15 15 15 15 15 15 15 15 15 15 15 15 15 15 15 Average Capacity 14 | 7 9 10 10 15 15 15 15 15 15 15 15 15 15 15 15 15 15 15 15 15 15 15 15 15 15 13 Most Carried 15 | 1 10 10 10 12 15 15 15 15 15 15 15 15 15 15 15 15 15 15 15 15 15 15 15 15 15 15 Average Carried 13 | . 4 9 9 11 14 14 11 12 14 14 14 14 14 14 14 15 14 14 14 14 15 14 14 14 14 12 Final Capacity 15 | 8 10 10 15 15 15 15 15 15 15 15 15 15 15 15 15 15 15 15 15 15 15 15 15 15 15 15 Final Carried 15 | 1 10 9 10 12 15 13 13 15 15 15 15 15 15 15 15 15 15 15 15 15 15 15 15 15 15 13 Class Distribution -------------------- 47% | Scavenger-Gunner 17% | Hacker-Gunner 12% | Commander-Gunner 7% | Mutant 6% | Scavenger-Tank 4% | Scavenger-Mutant Dominant Class ---------------- Mutant | -10/Materials Scavenger-Mutant | -10/Mines Mutant | -10/Exiles Scavenger-Mutant | -9/Mines Scavenger-Gunner | -8/Materials Scavenger-Tank | -7/Factory Scavenger-Gunner | -7/Storage Commander-Gunner | -7/Recycling Commander-Gunner | -7/Scraptown Scavenger-Gunner | -5/Factory Scavenger-Gunner | -5/Waste Scavenger-Gunner | -5/Factory Scavenger-Gunner | -5/Upper Caves Scavenger-Gunner | -5/Upper Caves Scavenger-Gunner | -5/Warlord Scavenger-Gunner | -4/Proximity Caves Hacker-Gunner | -4/Factory Hacker-Gunner | -4/Waste Hacker-Gunner | -4/Factory Hacker-Gunner | -4/Upper Caves Hacker-Gunner | -4/Upper Caves Hacker-Mutant | -4/Zhirov Hacker-Gunner | -3/Proximity Caves Scavenger-Gunner | -3/Research Scavenger-Gunner | -3/Testing Scavenger-Mutant | -2/Research Resources | -11 -10 -10 -10 -9 -8 -7 -7 -7 -7 -5 -5 -5 -5 -5 -5 -4 -4 -4 -4 -4 -4 -4 -3 -3 -3 -2 ----------- Run | Yrd Mat Min Exi Min Mat Fac Sto Rec Scr Fac Was Fac Upp Upp War Pro Fac Was Fac Upp Upp Zhi Pro Res Tes Res Matter Collected 32351 | 305 472 454 . 40 3364 3123 2366 693 621 1973 547 2659 792 260 666 153 543 1039 2589 640 558 358 450 5268 1324 1094 Remotely . | . . . . . . . . . . . . . . . . . . . . . . . . . . . Salvage Created 28395 | 157 915 460 . 31 4000 2923 1983 806 . 1733 820 2169 190 42 933 279 679 1285 1545 101 355 283 341 4248 1371 746 Parts 1205 | 10 49 39 . 3 208 138 94 27 . 64 3 80 11 3 20 6 42 4 64 7 1 1 17 182 95 37 Haulers Intercepted 25 | . 1 . . . 6 6 5 . . 1 . 2 . . . . . . 2 . . . . 2 . . Recyclers Shooed 22 | . 6 . . . 3 1 . . . . . 2 . . . . 1 . 1 . . . . 7 1 . Parts Field Recycled . | . . . . . . . . . . . . . . . . . . . . . . . . . . . Retrieved Matter . | . . . . . . . . . . . . . . . . . . . . . . . . . . . Parts Self-Destructed 64 | . . . . . . . . . . . . . 31 7 . 3 . . . 9 1 1 12 . . . Prevented . | . . . . . . . . . . . . . . . . . . . . . . . . . . . Kills | -11 -10 -10 -10 -9 -8 -7 -7 -7 -7 -5 -5 -5 -5 -5 -5 -4 -4 -4 -4 -4 -4 -4 -3 -3 -3 -2 ------- Run | Yrd Mat Min Exi Min Mat Fac Sto Rec Scr Fac Was Fac Upp Upp War Pro Fac Was Fac Upp Upp Zhi Pro Res Tes Res Combat Hostiles Destroyed 439 | . 14 10 . 1 58 49 43 4 . 23 4 27 2 2 34 5 24 6 34 2 4 . 9 54 18 12 Melee 1 | . . . . . . . . . . . . 1 . . . . . . . . . . . . . . Guns 133 | . 4 4 . 1 58 4 3 2 . . . . 2 2 4 . 4 . . . . . . 27 18 . Cannons 182 | . 8 5 . . . 41 30 2 . 23 3 16 . . 1 . . 6 22 2 4 . 2 12 . 5 AOE 121 | . 2 1 . . . 4 10 . . . 1 8 . . 29 5 20 . 12 . . . 7 15 . 7 Classes Destroyed 27 | 3 4 1 . . 8 2 . . . . 1 1 1 . 2 . . . . 1 1 . . 2 . . Worker 50 | 1 3 4 . . 6 8 3 1 . 3 . 6 . . . . . . 3 . . . . 9 2 1 Builder 37 | . 1 1 . . 7 6 3 1 . 3 . 3 . . . . . . . . . . . 6 3 3 Tunneler 10 | 3 1 3 . . . . . . . . . . . . . . . . 1 . . . . . . 2 Hauler 25 | . 1 . . . 6 6 5 . . 1 . 2 . . . . . . 2 . . . . 2 . . Recycler 65 | 1 3 1 . . 5 16 4 8 . 4 . 5 . . . . 3 . 4 . . . . 7 1 3 Minesweeper 2 | . . . . . . . . . . . . . . . . . . . . 1 1 . . . . . Mechanic 2 | . . . . . . 1 . . . . . 1 . . . . . . . . . . . . . . Operator 9 | . . . . . 2 1 1 . . 2 . . . . . . . . 2 . . . . 1 . . Drone 1 | . . . . . . . . . . . . . . . . . . . . . . . . 1 . . Watcher 28 | . 3 . . . 5 4 2 . . . . 3 . . . . . . 1 . . . . 9 . 1 Swarmer 88 | . . 5 . . 3 11 2 . . 4 . . . 2 . 5 22 . 12 1 . . 3 9 5 4 Cutter 3 | . . . . . . . . . . . . . . . . . . . . . . . . 3 . . Saboteur 1 | . . . . . . . . . . . . 1 . . . . . . . . . . . . . . Grunt 172 | . 14 5 . 1 33 19 23 1 . 11 . 10 . . 18 . . . 11 . 4 . 5 14 . 3 Brawler 18 | . . . . . 2 5 2 . . 2 . 1 1 . 4 . . . . . . . . 1 . . Duelist 13 | . . . . . 3 2 4 . . . . . . . 1 . . . . . . . . 3 . . Protector 11 | . . . . . 2 1 2 . . . . . . . 6 . . . . . . . . . . . Sentry 40 | . . . . . 11 4 7 2 . 1 . 1 . . . . 2 . 5 . . . . 7 . . Specialist 5 | . . . . . 2 . . . . . . 1 . . 2 . . . . . . . . . . . Hunter 17 | . . . . . 1 . 1 . . 3 . 6 . . 1 . . . 2 1 . . . 1 1 . Programmer 57 | . . . . . . 7 2 1 . 3 . 7 . . . . . . 4 . . . 1 15 12 5 Heavy 2 | . . . . . 2 . . . . . . . . . . . . . . . . . . . . . Behemoth 1 | . . . . . . . . . . . . . 1 . . . . . . . . . . . . . Compactor 10 | . . . . . . . . . . . 4 . . . . . . 6 . . . . . . . . Executioner 2 | . . . . . . . . . . . . . . . 2 . . . . . . . . . . . Samaritan 1 | . . . . . . . . . . . . . . . . . . . . . 1 . . . . . Surgeon 2 | . . . . . . . . . . . . . . . 1 . . . 1 . . . . . . . Wasp 1 | . . . . . . . . . . . . . . . . . . . 1 . . . . . . . Thug 2 | . . . . . . . 1 . . . . . . . . . . . . 1 . . . . . . Commander 1 | . . . . . . . . . . . . . . . 1 . . . . . . . . . . . Knight 1 | . . . . . . . . . . . . . . . 1 . . . . . . . . . . . Best Kill Streak 14 | 3 4 6 . 1 9 7 14 5 . 10 3 9 1 2 7 5 10 3 10 1 5 . 5 8 7 10 Combat Bots Only 12 | . 4 5 . 1 9 5 12 1 . 7 3 4 1 2 7 5 8 3 10 1 4 . 5 7 5 4 Max Kills in Single Turn 8 | 1 1 1 . 1 2 3 4 1 . 3 1 3 1 1 8 4 3 1 4 1 1 . 3 3 2 4 Gunslinging 1 | . . . . . . 1 . . . . . . . . . . . . . . . . . 1 . . Exploded 6 | . 1 1 . . . 2 3 . . . 1 2 . . 6 4 3 . 4 . . . 3 3 . 2 Melee 1 | . . . . . . . . . . . . 1 . . . . . . . . . . . . . . Uniques/NPCs Destroyed . | . . . . . . . . . . . . . . . . . . . . . . . . . . . Combat | -11 -10 -10 -10 -9 -8 -7 -7 -7 -7 -5 -5 -5 -5 -5 -5 -4 -4 -4 -4 -4 -4 -4 -3 -3 -3 -2 -------- Run | Yrd Mat Min Exi Min Mat Fac Sto Rec Scr Fac Was Fac Upp Upp War Pro Fac Was Fac Upp Upp Zhi Pro Res Tes Res Hostile Shots Fired 2239 | . 76 30 . 16 185 227 327 38 . 58 1 155 9 . 15 19 112 . 88 32 35 . 10 303 241 262 Missed 834 | . 29 6 . 2 52 69 107 16 . 19 . 69 5 . 4 10 55 . 34 19 16 . 5 107 88 122 Hits 1405 | . 47 24 . 14 133 158 220 22 . 39 1 86 4 . 11 9 57 . 54 13 19 . 5 196 153 140 Melee 26 | . . . . . 5 7 9 . . 1 1 . . . . . . . 1 . . . . 1 1 . Projectile 1379 | . 47 24 . 14 128 151 211 22 . 38 . 86 4 . 11 9 57 . 53 13 19 . 5 195 152 140 AOE 11 | . . . . 8 . . . . . . . 2 . . 1 . . . . . . . . . . . Critical Strikes 64 | . 1 . . . 5 9 7 . . 1 . 4 . . . . 2 . 3 . . . . 13 14 5 Actively Blocked 5 | . . . . . . 1 1 . . . . . . . . . . . . . . . . 3 . . Part Disruptions 6 | . . . . . . . . . . . . . . . . . . . . . . . . 3 2 1 Actively Blocked 1 | . . . . . . . . . . . . . . . . . . . . . . . . 1 . . Damage Taken 26135 | . 676 368 . 335 2505 2330 3038 157 . 378 29 1860 100 . 293 118 925 . 1298 201 340 . 119 4568 3579 2918 Core 3861 | . 83 39 . 73 188 200 417 15 . 17 . 234 . . 46 18 83 . 63 23 . . . 639 256 1467 Absorbed by Shields 995 | . . . . . . . . . . 240 29 . . . . . . . . . . . . . 379 347 Redirected to Shielding 444 | . . 3 . 5 . 161 78 . . . . . . . . . . . . . . . . 121 76 . Ignored by Resistances 859 | . . . . . 179 39 116 24 . 15 . . . . 103 29 98 . 37 29 37 . . 153 . . Regen/Repaired (Parts) 1397 | . . . . . 440 . 252 . . . . 89 . . 29 . . . 380 . . . . 37 170 . Core Remaining (%) 53 | 100 . . . 22 65 . . . 9 . . . . . . 68 . . . . . . 85 . 28 . Volleys Fired 1255 | 17 117 34 . 5 180 142 89 20 . 42 21 68 9 15 34 7 23 24 73 11 25 . 17 165 74 43 Largest 4 | 2 2 2 . 2 4 4 4 4 . 4 4 4 3 4 4 4 4 4 4 4 4 . 4 4 4 3 Hottest 239 | 60 60 60 . 40 96 146 191 133 . 212 212 212 115 134 134 134 204 204 204 204 204 . 204 239 235 156 Shots Fired 3882 | 34 198 64 . 10 720 545 310 72 . 160 81 164 32 29 97 16 65 88 233 34 70 . 27 538 226 69 Gun 1819 | 34 145 38 . 10 720 88 28 29 . . . . 17 27 74 13 30 . . . . . . 366 200 . Cannon 1955 | . 53 23 . . . 451 269 43 . 159 76 156 15 2 . 1 28 86 227 33 70 . 23 161 22 57 Launcher 82 | . . 3 . . . 6 13 . . 1 5 8 . . 1 2 7 2 6 1 . . 4 11 . 12 Special 26 | . . . . . . . . . . . . . . . 22 . . . . . . . . . 4 . Kinetic 3626 | 17 168 61 . 10 720 539 282 72 . 159 76 156 32 29 74 14 58 86 227 33 70 . 23 482 181 57 Thermal 64 | . 8 . . . . . 15 . . . . . . . . . . . . . . . . . 41 . Explosive 97 | . . 3 . . . 6 13 . . 1 5 8 . . 20 2 7 2 6 1 . . 4 11 . 8 Electromagnetic 88 | 17 22 . . . . . . . . . . . . . . . . . . . . . . 45 . 4 Robot Hit Streak 18 | 8 8 6 . 3 14 15 14 6 . 8 6 7 3 2 18 5 6 12 11 3 9 . 7 8 12 14 Robot Miss Streak 12 | 6 5 2 . 3 5 5 5 3 . 7 5 12 4 6 6 1 2 4 4 3 4 . 2 6 7 3 Penetration Max 2 | . . . . . . . . . . 2 1 1 . . 1 . . . . . . . . 1 2 . Secondary Targets 22 | . 1 . . . 10 1 . . . . . . . . 1 . . . . . . . . 6 3 . Max Gunslinging Chain 1 | . 1 . . . 1 1 . . . . . . . . 1 . . . . . . . . 1 1 . Shots Hit Robots 2042 | 17 122 36 . 6 451 290 176 37 . 62 45 69 12 4 47 6 33 41 99 10 32 6 8 281 114 38 Core Hits 1206 | 8 48 22 . 3 190 142 121 18 . 45 14 56 5 2 92 10 32 18 76 6 13 3 18 176 47 41 Critical Kills 37 | . . . . . 1 . . . . 8 2 9 1 . . . . . . . . . . 8 8 . Critical Parts Destroyed 40 | . . . . . 2 . . . . 5 3 10 . 1 1 . . . . . . . . 9 9 . Critical Strikes 181 | . . 1 . . 3 18 5 2 . 17 19 27 4 1 7 . . 1 10 1 3 2 1 33 19 7 Destroy 90 | . . . . . 3 . . . . 13 18 15 2 1 1 . . . . . . . . 20 17 . Blast 72 | . . 1 . . . 18 5 2 . 4 1 8 2 . . . . 1 10 1 3 . 1 7 2 6 Corrupt 5 | . . . . . . . . . . . . . . . . . . . . . . . . 5 . . Smash 4 | . . . . . . . . . . . . 4 . . . . . . . . . . . . . . Sever 6 | . . . . . . . . . . . . . . . 6 . . . . . . . . . . . Sunder 4 | . . . . . . . . . . . . . . . . . . . . . . 2 . 1 . 1 Melee Attacks 34 | . . . . . . . . . . . . 14 . . . . . . . . . 6 . 11 . 3 Impact 14 | . . . . . . . . . . . . 14 . . . . . . . . . . . . . . Slashing . | . . . . . . . . . . . . . . . . . . . . . . . . . . . Piercing . | . . . . . . . . . . . . . . . . . . . . . . . . . . . Entropic 20 | . . . . . . . . . . . . . . . . . . . . . . 6 . 11 . 3 Sneak Attacks 16 | . . . . . . . . . . . . 9 . . . . . . . . . . . 6 . 1 Combat Hostiles 1 | . . . . . . . . . . . . 1 . . . . . . . . . . . . . . Follow-up Attacks . | . . . . . . . . . . . . . . . . . . . . . . . . . . . Damage Inflicted 81510 | 199 1582 662 . 56 6990 7886 6677 887 . 3002 3336 4251 295 97 9742 591 3447 1757 5591 432 1334 1035 885 13124 4114 3538 Guns 21840 | 199 805 293 . 56 6990 923 421 324 . . . . 130 97 1173 114 450 . . . . . . 6111 3754 . Cannons 30701 | . 606 248 . . . 5958 3940 562 . 2569 1586 2071 165 . . . 493 1690 4230 322 1334 . 242 3089 360 1236 Explosions 24877 | . 171 121 . . . 987 2316 . . 411 1750 1106 . . 8061 477 2504 67 1361 110 . . 643 2780 . 2012 Melee 3417 | . . . . . . . . . . . . 981 . . . . . . . . . 1035 . 1144 . 257 Ramming 167 | . . . . . . 18 . 1 . 22 . 93 . . . . . . . . . . . . . 33 Kinetic 50478 | 66 1165 541 . 56 6990 6881 4053 886 . 2569 1586 2071 295 97 1173 114 943 1690 4230 322 1334 . 242 8559 3379 1236 Thermal 2762 | . 235 121 . . . . 308 . . 379 . 65 . . . . 512 . 407 . . . . . 735 . Explosive 22870 | . . . . . . 987 2316 . . 32 1750 1019 . . 8061 477 1992 67 954 110 . . 643 2780 . 1682 Electromagnetic 1308 | 133 182 . . . . . . . . . . 22 . . . . . . . . . . . 641 . 330 Impact 981 | . . . . . . . . . . . . 981 . . . . . . . . . . . . . . Slashing 508 | . . . . . . . . . . . . . . . 508 . . . . . . . . . . . Piercing . | . . . . . . . . . . . . . . . . . . . . . . . . . . . Entropic 2436 | . . . . . . . . . . . . . . . . . . . . . . 1035 . 1144 . 257 Highest Corruption 35 | . . . . . 1 6 11 11 . . 23 35 35 35 35 10 . 14 14 14 14 14 14 9 26 10 Average Corruption 11 | . . . . . 1 1 9 11 . . 11 29 35 35 35 10 . 10 14 14 14 14 14 5 14 6 Corruption Purged 27 | . . . . . . 3 . . . . . . . . . . . . . . . . . 14 10 . Corruption Blocked . | . . . . . . . . . . . . . . . . . . . . . . . . . . . Effects 583 | . . . . . 24 29 41 52 . . 15 105 55 29 2 . . 10 57 33 23 6 23 44 31 4 Message Errors 107 | . . . . . 3 8 8 12 . . . 20 13 6 . . . . 10 6 4 4 5 5 3 . Matter Fused 143 | . . . . . 8 4 8 13 . . 2 22 12 12 2 . . 6 12 11 2 1 8 10 8 2 Heat Flow Errors 67 | . . . . . 2 5 4 6 . . 3 11 11 1 . . . . 6 2 4 . 4 5 3 . Energy Discharges 55 | . . . . . 5 2 2 2 . . . 9 7 3 . . . 1 5 1 2 . 4 9 2 1 Parts Rejected 11 | . . . . . . . 1 1 . . 1 4 . . . . . . 3 . . . . . 1 . Parts Fused 3 | . . . . . . 1 . . . . 1 . . . . . . . . 1 . . . . . . Data Loss (minor) 75 | . . . . . 5 5 5 11 . . 2 17 2 1 . . . 1 9 5 3 1 1 5 2 . Data Loss (major) 25 | . . . . . . . 3 2 . . . 7 1 1 . . . . 1 3 4 . . 2 1 . Misfires 29 | . . . . . 1 1 3 4 . . 1 1 7 1 . . . . 2 2 . . 1 3 2 . Alerts 12 | . . . . . . 2 2 . . . . 1 . 2 . . . . 2 1 . . . 2 . . Misdirections 17 | . . . . . . . . . . . 3 5 1 . . . . . 1 1 1 . . . 5 . Weapon Failures 39 | . . . . . . 1 5 1 . . 2 8 1 2 . . . 2 6 . 3 . . 3 4 1 Overload Shots . | . . . . . . . . . . . . . . . . . . . . . . . . . . . Overflow Damage 3153 | . 1 21 . . . 75 87 14 . 250 . 616 . . 144 28 349 . 171 . 228 340 . 683 11 135 Projectiles 820 | . 1 . . . . 75 71 14 . 97 . 22 . . 2 . 47 . 96 . 228 . . 106 11 50 Explosions 866 | . . 21 . . . . 16 . . 153 . . . . 142 28 302 . 75 . . . . 86 . 43 Melee 1467 | . . . . . . . . . . . . 594 . . . . . . . . . 340 . 491 . 42 Knockbacks 209 | . 7 2 . . . 46 35 1 . 22 . 17 3 . . . 6 . 21 1 12 . 1 24 3 8 Impact 6 | . . . . . . . . . . . . 6 . . . . . . . . . . . . . . Kinetic 191 | . 7 2 . . . 40 33 1 . 22 . 11 2 . . . 6 . 21 1 11 . 1 22 3 8 Secondary 12 | . . . . . . 6 2 . . . . . 1 . . . . . . . 1 . . 2 . . Self-Inflicted Damage 765 | . 81 102 . . . . 280 . . . . 79 . . . . . . 58 . . . . 126 . 39 Shots 20 | . 2 4 . . . . 7 . . . . 2 . . . . . . 1 . . . . 3 . 1 Rammed 9 | . . . . . . 1 . . . . . 3 . . . . . . . . . . . . . 5 Targets Rammed 13 | . . . . . . 1 . 1 . 3 . 3 . . . . . . . . . . . . . 5 Kicked 4 | . . . . . . . . 1 . 3 . . . . . . . . . . . . . . . . Crushed . | . . . . . . . . . . . . . . . . . . . . . . . . . . . Highest Temperature 587 | 40 80 87 . 29 415 440 315 186 . 207 292 375 282 191 3 4 120 88 587 248 190 . 212 340 192 188 Average Temperature 73 | 22 23 21 . 17 67 76 95 65 . 77 113 81 81 51 2 4 48 35 109 56 81 . 98 62 70 65 Received Heat Transfer 4117 | . 348 135 . 12 792 573 978 63 . 77 . 168 18 . 18 12 27 . 138 . 96 . 27 390 32 213 Effects 16 | . . . . . 7 1 2 . . . 2 1 . . . . . . 3 . . . . . . . Shutdowns 1 | . . . . . . . . . . . . 1 . . . . . . . . . . . . . . Energy Bleed 4 | . . . . . . 1 . . . . 2 . . . . . . . 1 . . . . . . . Interference 10 | . . . . . 6 . 2 . . . . . . . . . . . 2 . . . . . . . Damage (minor) 1 | . . . . . 1 . . . . . . . . . . . . . . . . . . . . . Siege Activations . | . . . . . . . . . . . . . . . . . . . . . . . . . . . Martial Activations . | . . . . . . . . . . . . . . . . . . . . . . . . . . . Shielding Activations . | . . . . . . . . . . . . . . . . . . . . . . . . . . . Robots Disrupted . | . . . . . . . . . . . . . . . . . . . . . . . . . . . Combat Hostiles . | . . . . . . . . . . . . . . . . . . . . . . . . . . . Robots Corrupted 12 | . . . . . . . . 1 . . . 9 . . . . . . . . 1 . . 1 . . Combat Hostiles 3 | . . . . . . . . . . . . 2 . . . . . . . . 1 . . . . . Parts Fried 25 | 1 . . . . . . . . . . . 20 . . . . . . . . . . . 4 . . Impact Corruptions 26 | . . . . . . . . 1 . . . 23 . . . . . . . . 1 . . 1 . . Robots Melted . | . . . . . . . . . . . . . . . . . . . . . . . . . . . Combat Hostiles . | . . . . . . . . . . . . . . . . . . . . . . . . . . . Parts Melted 8 | . . 1 . . . . 2 . . 5 . . . . . . . . . . . . . . . . Heat Transferred 2951 | . 400 200 . . . . 576 . . 250 . 50 . . . . 250 . 300 . . . . . 925 . Parts Sabotaged 5 | . . . . . . . . . . . . . . . . . . . . . . . . 2 3 . Parts Stolen . | . . . . . . . . . . . . . . . . . . . . . . . . . . . Parts Stripped . | . . . . . . . . . . . . . . . . . . . . . . . . . . . Power Chain Reactions 3 | . 3 . . . . . . . . . . . . . . . . . . . . . . . . . Alert | -11 -10 -10 -10 -9 -8 -7 -7 -7 -7 -5 -5 -5 -5 -5 -5 -4 -4 -4 -4 -4 -4 -4 -3 -3 -3 -2 ------- Run | Yrd Mat Min Exi Min Mat Fac Sto Rec Scr Fac Was Fac Upp Upp War Pro Fac Was Fac Upp Upp Zhi Pro Res Tes Res Maximum Alert Level 5 | . . 1 . . 3 4 4 2 . 5 4 5 . . . . 3 1 5 . . . . 5 5 4 Low Security (%) 26 | 100 100 68 . 100 73 . . . . 25 . . . . . . 21 . . . . . . 16 . . Level 1 16 | . . 31 . . 9 41 . 49 . 1 . . . . . . 42 100 6 . . . . 9 . . Level 2 14 | . . . . . 10 24 31 50 . 8 . 24 . . . . 21 . 6 . . . . 4 . . Level 3 16 | . . . . . 6 20 38 . . 9 78 38 . . . . 14 . 9 . . . . 24 . 62 Level 4 18 | . . . . . . 13 30 . . 51 21 34 . . . . . . 16 . . . . 28 89 37 Level 5 4 | . . . . . . . . . . . . 1 . . . . . . 32 . . . . 16 10 . High Security 2 | . . . . . . . . . . 3 . 1 . . . . . . 29 . . . . . . . Max Security . | . . . . . . . . . . . . . . . . . . . . . . . . . . . Sterilizations 1 | . . . . . 1 . . . . . . . . . . . . . . . . . . . . . Peak Influence 2613 | 15 116 254 . 35 734 1177 1495 570 . 1652 1106 1766 . . . . 824 326 2613 . . . . 2070 1672 1466 Initial 1163 | . . 21 . . 9 329 514 565 . . 1100 693 . . . . 72 284 207 . . . . 33 1163 885 Average 680 | 2 46 161 . 1 181 604 959 412 . 871 1061 1056 . . . . 388 295 1643 . . . . 980 1349 1030 Influence Increases 21474 | 25 453 429 . 35 1939 1807 1594 432 . 2168 80 1726 50 55 697 190 982 112 3186 85 145 15 210 2929 1042 1088 Destroy 0b10 Robot/C 9740 | . 280 200 . 20 1180 1000 860 160 . 880 . 620 40 40 600 100 480 . 1060 40 80 . 180 1320 360 240 Destroy 0b10 Robot/NC 1365 | 25 60 45 . . 165 225 100 75 . 100 . 105 . . 30 5 15 . 95 5 25 15 . 180 45 50 Destroy Leader 1942 | . 68 30 . 10 322 250 234 . . 148 . 172 10 . . 10 60 . 196 10 10 . 30 300 40 42 Allied During Kill 1188 | . . . . 5 21 9 30 54 . 521 . 18 . . 22 . . . 434 . . . . 74 . . Successful Hack 626 | . 6 . . . 87 54 52 12 . 42 . 34 . . . . 18 . 117 . . . . 53 115 36 Select Force Hacks 60 | . . . . . . . . 60 . . . . . . . . . . . . . . . . . . Disable Machine 1545 | . 15 105 . . 75 135 105 45 . 255 . 180 . . . . 105 . 345 . . . . 75 75 30 Anti-Garrison Action 150 | . . . . . . . . . . . . . . . . . . . 150 . . . . . . . Destroy Structure 2788 | . 9 34 . . 14 74 183 26 . 222 80 372 . . . . 214 112 654 . . . . 492 32 270 Partial Spotted 240 | . . . . . . . . . . . . . . . . . 30 . 60 . . . . 60 30 60 Lose Combat Pursuer 1830 | . 15 15 . . 75 60 30 . . . . 225 . 15 45 75 60 . 75 30 30 . . 375 345 360 Influence Decreases 20627 | 25 397 401 84 10 1239 1402 1272 1559 325 516 1264 950 1076 431 620 516 283 630 869 1319 495 1044 160 911 1535 1294 Entered New Map 9863 | . . 35 84 . 16 396 616 887 325 . 1074 297 654 141 364 441 43 530 89 967 263 1029 . 17 905 690 Time Decay 7764 | 25 367 326 . 10 673 716 446 502 . 286 110 583 422 270 256 75 180 100 380 342 222 15 160 634 410 254 Lost Part 1290 | . 30 40 . . 90 120 170 10 . 10 20 30 . . . . 60 . 30 10 10 . . 240 220 200 Lost Ally 690 | . . . . . 40 20 40 160 . 70 60 40 . 20 . . . . 220 . . . . 20 . . Purge Threat 1020 | . . . . . 420 150 . . . 150 . . . . . . . . 150 . . . . . . 150 Squads Dispatched 162 | . 3 . . 1 14 22 12 . . 11 . 21 . . . . 3 . 26 . . . . 28 9 12 Investigation 27 | . 2 . . . 5 . 1 . . 3 . 3 . . . . 1 . 1 . . . . 7 . 4 Extermination 28 | . . . . . . 7 2 . . 1 . 3 . . . . 1 . 2 . . . . 7 3 2 Reinforcement 40 | . 1 . . 1 3 5 2 . . 4 . 7 . . . . 1 . 5 . . . . 5 2 4 Assault 39 | . . . . . 2 4 4 . . . . 5 . . . . . . 16 . . . . 5 3 . Garrison 28 | . . . . . 4 6 3 . . 3 . 3 . . . . . . 2 . . . . 4 1 2 Intercept . | . . . . . . . . . . . . . . . . . . . . . . . . . . . Searches Triggered . | . . . . . . . . . . . . . . . . . . . . . . . . . . . Construction Impeded 14 | . . . . 1 . 2 2 . . 2 . 4 . . . . . . . . . . . 1 1 1 Haulers Reinforced 5 | . . . . . . . . . . . . 2 . . . . . . 2 . . . . 1 . . Active Scanning Responses . | . . . . . . . . . . . . . . . . . . . . . . . . . . . Cargo Convoy Interrupts . | . . . . . . . . . . . . . . . . . . . . . . . . . . . Stealth | -11 -10 -10 -10 -9 -8 -7 -7 -7 -7 -5 -5 -5 -5 -5 -5 -4 -4 -4 -4 -4 -4 -4 -3 -3 -3 -2 --------- Run | Yrd Mat Min Exi Min Mat Fac Sto Rec Scr Fac Was Fac Upp Upp War Pro Fac Was Fac Upp Upp Zhi Pro Res Tes Res Distress Signals 33 | . . 1 . . 2 2 5 . . 2 . 2 . . 1 . 2 . 2 . . . . 7 2 5 Communications Jammed . | . . . . . . . . . . . . . . . . . . . . . . . . . . . Distress Signals . | . . . . . . . . . . . . . . . . . . . . . . . . . . . Times Spotted 798 | . 23 12 . 7 77 69 57 7 . 45 6 65 8 1 70 9 23 6 61 8 5 . 10 112 44 73 Peak Tracking Total 28 | . 3 4 . 4 5 5 6 2 . 4 3 10 5 1 18 7 7 2 5 4 3 . 12 7 10 28 Tactical Retreats 70 | . 1 1 . 1 5 4 2 . . . . 8 . 1 1 2 3 . 3 1 2 . . 11 13 11 Traps | -11 -10 -10 -10 -9 -8 -7 -7 -7 -7 -5 -5 -5 -5 -5 -5 -4 -4 -4 -4 -4 -4 -4 -3 -3 -3 -2 ------- Run | Yrd Mat Min Exi Min Mat Fac Sto Rec Scr Fac Was Fac Upp Upp War Pro Fac Was Fac Upp Upp Zhi Pro Res Tes Res Traps Triggered 23 | . 1 . . . 3 . 2 . . 1 . 3 . . . . 2 . 3 . . . . 3 . 5 Indirectly 2 | . . . . . . . . . . . . . . . . . . . . . . . . . . 2 Trap Hack Attempts . | . . . . . . . . . . . . . . . . . . . . . . . . . . . Triggered . | . . . . . . . . . . . . . . . . . . . . . . . . . . . Disarmed 6 | . . . . . . . . . . . . . . . . . . . 6 . . . . . . . Reprogrammed . | . . . . . . . . . . . . . . . . . . . . . . . . . . . Reused . | . . . . . . . . . . . . . . . . . . . . . . . . . . . Traps Extracted . | . . . . . . . . . . . . . . . . . . . . . . . . . . . Installed . | . . . . . . . . . . . . . . . . . . . . . . . . . . . Triggered . | . . . . . . . . . . . . . . . . . . . . . . . . . . . Machines | -11 -10 -10 -10 -9 -8 -7 -7 -7 -7 -5 -5 -5 -5 -5 -5 -4 -4 -4 -4 -4 -4 -4 -3 -3 -3 -2 ---------- Run | Yrd Mat Min Exi Min Mat Fac Sto Rec Scr Fac Was Fac Upp Upp War Pro Fac Was Fac Upp Upp Zhi Pro Res Tes Res Machines Disabled 107 | . 1 7 . . 5 9 7 3 . 17 . 12 . . 1 1 7 . 24 . 1 . . 5 5 2 Max in Single Turn 9 | . 1 7 . . 1 1 2 2 . 9 . 2 . . 1 1 2 . 3 . 1 . . 1 1 1 Garrison Access 3 | . . . . . 1 . . . . . . . . . . . . . 1 . . . . 1 . . Machines Repaired . | . . . . . . . . . . . . . . . . . . . . . . . . . . . Machines Dismantled 1 | . . . . . . . . . . . . . . . 1 . . . . . . . . . . . Machines Sabotaged . | . . . . . . . . . . . . . . . . . . . . . . . . . . . Overloaded Fab Kills . | . . . . . . . . . . . . . . . . . . . . . . . . . . . Hacking | -11 -10 -10 -10 -9 -8 -7 -7 -7 -7 -5 -5 -5 -5 -5 -5 -4 -4 -4 -4 -4 -4 -4 -3 -3 -3 -2 --------- Run | Yrd Mat Min Exi Min Mat Fac Sto Rec Scr Fac Was Fac Upp Upp War Pro Fac Was Fac Upp Upp Zhi Pro Res Tes Res Machines Accessed 148 | . 7 1 1 . 18 17 11 5 1 6 . 8 1 . 6 . 6 . 14 . 2 4 1 22 9 8 Terminals 81 | . 5 1 . . 12 11 8 2 . 1 . 3 . . . . 5 . 11 . 1 . 1 10 6 4 Fabricators 8 | . . . . . . 1 . . . 1 . 2 . . . . . . 1 . . . . 2 1 . Repair Stations 10 | . . . . . 2 1 1 . . . . 1 . . . . . . 1 . . . . 3 1 . Recycling Units 22 | . 2 . . . 2 2 1 3 . 3 . 1 . . . . 1 . . . . . . 4 . 3 Scanalyzers 8 | . . . . . 1 1 . . . . . 1 . . . . . . 1 . . . . 2 1 1 Garrison Access 5 | . . . . . 1 1 1 . . 1 . . . . . . . . . . . . . 1 . . Total Hacks 430 | . 23 3 1 . 76 46 25 9 4 12 . 20 1 . 17 . 16 . 63 . 2 17 4 54 15 22 Successful 279 | . 11 . 1 . 55 31 11 6 4 9 . 7 1 . 17 . 9 . 45 . 2 17 4 32 8 9 Failed 150 | . 12 3 . . 20 15 14 3 . 3 . 13 . . . . 7 . 18 . . . . 22 7 13 Catastrophic 20 | . 2 . . . . 2 4 . . . . 4 . . . . 1 . . . . . . 2 1 4 Database Lockouts 1 | . . . . . 1 . . . . . . . . . . . . . . . . . . . . . Manual 238 | . 23 3 . . 45 31 16 6 . 10 . 9 . . . . 14 . 27 . . . . 30 6 18 Terminals 224 | . 13 3 . . 43 30 16 4 . 4 . 6 . . . . 12 . 38 . 1 . 4 27 11 12 Fabricators 15 | . . . . . . 2 . . . 3 . 3 . . . . . . 3 . . . . 3 1 . Repair Stations 45 | . . . . . 21 2 6 . . . . 4 . . . . . . 3 . . . . 7 2 . Recycling Units 50 | . 10 . . . 6 3 2 5 . 3 . 2 . . . . 4 . . . . . . 7 . 8 Scanalyzers 44 | . . . . . 3 7 . . . . . 5 . . . . . . 19 . . . . 7 1 2 Garrison Access 11 | . . . . . 3 2 1 . . 2 . . . . . . . . . . . . . 3 . . Terminal Hacks 87 | . 2 . 1 . 11 3 2 1 4 1 . . 1 . 17 . 1 . 8 . 2 17 4 6 3 3 Record 26 | . . . 1 . . . . . 4 . . . . . 10 . . . . . 2 5 4 . . . Part Schematic 6 | . . . . . . 1 . . . . . . . . . . . . 1 . . 4 . . . . Robot Analysis 13 | . 2 . . . 3 . . . . . . . . . . . . . 1 . . 4 . 1 1 1 Prototype ID Bank 14 | . . . . . 3 . . . . . . . . . 6 . . . 1 . . 4 . . . . Open Door 4 | . . . . . . . 2 . . . . . 1 . 1 . . . . . . . . . . . Level Access Points 1 | . . . . . . . . . . . . . . . . . . . . . . . . . 1 . Branch Access Points 2 | . . . . . . . . . . . . . . . . . 1 . . . . . . 1 . . Terminal Index 5 | . . . . . 1 1 . 1 . . . . . . . . . . 1 . . . . 1 . . Alert Level 1 | . . . . . 1 . . . . . . . . . . . . . . . . . . . . . Unreport Threat 7 | . . . . . 3 1 . . . 1 . . . . . . . . 1 . . . . . . 1 Locate Traps 2 | . . . . . . . . . . . . . . . . . . . . . . . . 1 . 1 Disarm Traps 1 | . . . . . . . . . . . . . . . . . . . 1 . . . . . . . Recall Investigation 2 | . . . . . . . . . . . . . . . . . . . . . . . . 2 . . Recall Reinforcements 2 | . . . . . . . . . . . . . . . . . . . 2 . . . . . . . Protovariant Controls 1 | . . . . . . . . . . . . . . . . . . . . . . . . . 1 . Fabricator Hacks 6 | . . . . . . 1 . . . 2 . 1 . . . . . . 2 . . . . . . . Network Status 2 | . . . . . . 1 . . . 1 . . . . . . . . . . . . . . . . Load Schematic 1 | . . . . . . . . . . . . . . . . . . . 1 . . . . . . . Build 3 | . . . . . . . . . . 1 . 1 . . . . . . 1 . . . . . . . Repair Station Hacks 33 | . . . . . 16 2 4 . . . . 3 . . . . . . 2 . . . . 4 2 . Scan Component 18 | . . . . . 8 1 2 . . . . 2 . . . . . . 1 . . . . 3 1 . Repair 15 | . . . . . 8 1 2 . . . . 1 . . . . . . 1 . . . . 1 1 . Recycling Unit Hacks . | . . . . . . . . . . . . . . . . . . . . . . . . . . . Scanalyzer 33 | . . . . . 3 6 . . . . . 2 . . . . . . 15 . . . . 6 . 1 Insert Component 16 | . . . . . 1 3 . . . . . 2 . . . . . . 6 . . . . 3 . 1 Analyze 17 | . . . . . 2 3 . . . . . . . . . . . . 9 . . . . 3 . . Garrison Access Hacks 2 | . . . . . 1 . . . . . . . . . . . . . . . . . . 1 . . Unlock Access 1 | . . . . . 1 . . . . . . . . . . . . . . . . . . . . . Seal Access 1 | . . . . . . . . . . . . . . . . . . . . . . . . 1 . . Unauthorized Hacks 118 | . 9 . . . 24 19 5 5 . 6 . 1 . . . . 8 . 18 . . . . 15 3 5 Terminals 81 | . 4 . . . 20 15 4 1 . 1 . 1 . . . . 4 . 17 . . . . 10 3 1 Assimilate 3 | . . . . . . . . . . . . . . . . . . . 2 . . . . 1 . . Botnet 34 | . 2 . . . 9 6 . . . . . 1 . . . . 2 . 6 . . . . 4 3 1 Disrupt 1 | . . . . . . . 1 . . . . . . . . . . . . . . . . . . . Skim 43 | . 2 . . . 11 9 3 1 . 1 . . . . . . 2 . 9 . . . . 5 . . Fabricators 4 | . . . . . . 1 . . . 1 . . . . . . . . . . . . . 2 . . Haulers 3 | . . . . . . 1 . . . 1 . . . . . . . . . . . . . 1 . . Recompile 1 | . . . . . . . . . . . . . . . . . . . . . . . . 1 . . Repair Stations 1 | . . . . . . . . . . . . . . . . . . . 1 . . . . . . . Mechanics 1 | . . . . . . . . . . . . . . . . . . . 1 . . . . . . . Recycling Units 29 | . 5 . . . 3 2 1 4 . 3 . . . . . . 4 . . . . . . 3 . 4 Reject 7 | . 2 . . . 1 1 . 1 . . . . . . . . 1 . . . . . . . . 1 Recyclers 8 | . 2 . . . 1 1 1 1 . . . . . . . . 1 . . . . . . . . 1 Mask 3 | . 1 . . . 1 . . . . . . . . . . . 1 . . . . . . . . . Tunnel 2 | . . . . . . . . 2 . . . . . . . . . . . . . . . . . . Fedlink 8 | . . . . . . . . . . 3 . . . . . . 1 . . . . . . 2 . 2 Scraphulk 1 | . . . . . . . . . . . . . . . . . . . . . . . . 1 . . Scanalyzers . | . . . . . . . . . . . . . . . . . . . . . . . . . . . Garrison Access 3 | . . . . . 1 1 . . . 1 . . . . . . . . . . . . . . . . Reprogram 1 | . . . . . 1 . . . . . . . . . . . . . . . . . . . . . Intercept 2 | . . . . . . 1 . . . 1 . . . . . . . . . . . . . . . . Data Cores Recovered 6 | . . . . . 2 . 1 . . 2 . . . . . . . . 1 . . . . . . . Used 2 | . . . . . 1 . . . . . . . . . . . . . 1 . . . . . . . Hacking Detections 119 | . 6 1 . . 17 16 10 3 . 3 . 8 . . . . 5 . 13 . 1 . . 20 9 7 Full Trace Events 13 | . 1 1 . . 4 . 1 . . . . 1 . . . . . . 1 . . . . 2 . 2 Feedback Events 3 | . . . . . 1 . 1 . . . . . . . . . . . . . . . . 1 . . Corruption 2 | . . . . . 1 . 1 . . . . . . . . . . . . . . . . . . . Hackware Fried 1 | . . . . . . . . . . . . . . . . . . . . . . . . 1 . . Feedback Blocked . | . . . . . . . . . . . . . . . . . . . . . . . . . . . Robot Schematics Acquired 4 | . . . . . . . . . . . . . . . . . . . . . . . . . 4 . Robots Built 2 | . . . . . . . . . . . . 2 . . . . . . . . . . . . . . Authchips . | . . . . . . . . . . . . . . . . . . . . . . . . . . . Time 152 | . . . . . . . . . . . . 152 . . . . . . . . . . . . . . Total Robot Build Rating 10 | . . . . . . . . . . . . 10 . . . . . . . . . . . . . . Part Schematics Acquired 27 | . . . . . 1 4 . . . . . . . . . . . . 5 . . 4 . 3 10 . Parts Built 2 | . . . . . . . . . . 2 . . . . . . . . . . . . . . . . Authchips . | . . . . . . . . . . . . . . . . . . . . . . . . . . . Time 132 | . . . . . . . . . . 58 . . . . . . . . 74 . . . . . . . Total Part Build Rating 14 | . . . . . . . . . . 14 . . . . . . . . . . . . . . . . Parts Repaired 14 | . . . . . 8 . 2 . . . . 1 . . . . . . 1 . . . . 1 1 . Time 549 | . . . . . 306 26 52 . . . . 43 . . . . . . 29 . . . . 62 31 . Parts Recycled . | . . . . . . . . . . . . . . . . . . . . . . . . . . . Recycled Matter . | . . . . . . . . . . . . . . . . . . . . . . . . . . . Retrieved Matter . | . . . . . . . . . . . . . . . . . . . . . . . . . . . Retrieved Components . | . . . . . . . . . . . . . . . . . . . . . . . . . . . Parts Scanalyzed 14 | . . . . . 1 3 . . . . . 1 . . . . . . 5 . . . . 3 . 1 Part Schematics Acquired 11 | . . . . . 1 3 . . . . . . . . . . . . 4 . . . . 3 . . Parts Damaged 3 | . . . . . . . . . . . . 1 . . . . . . 1 . . . . . . 1 Bothacking | -11 -10 -10 -10 -9 -8 -7 -7 -7 -7 -5 -5 -5 -5 -5 -5 -4 -4 -4 -4 -4 -4 -4 -3 -3 -3 -2 ------------ Run | Yrd Mat Min Exi Min Mat Fac Sto Rec Scr Fac Was Fac Upp Upp War Pro Fac Was Fac Upp Upp Zhi Pro Res Tes Res Used RIF Installer . | . . . . . . . . . . . . . . . . . . . . . . . . . . . Robots Hacked 3 | . . . . . . . . . . . . . . . . . . . . . . . . . 3 . Non-combat . | . . . . . . . . . . . . . . . . . . . . . . . . . . . Combat . | . . . . . . . . . . . . . . . . . . . . . . . . . . . Robot Hacks Applied . | . . . . . . . . . . . . . . . . . . . . . . . . . . . Manual 3 | . . . . . . . . . . . . . . . . . . . . . . . . . 3 . Relay Couplers Released 8 | . . . . . . . 3 . . . . . . . . . . . 5 . . . . . . . Machine Destruction 1 | . . . . . . . . . . . . . . . . . . . 1 . . . . . . . Programmers 7 | . . . . . . . 3 . . . . . . . . . . . 4 . . . . . . . Fabnet Peak Effective % . | . . . . . . . . . . . . . . . . . . . . . . . . . . . Robots Rewired 18 | . . . . . . 1 . 16 . . . . . . 1 . . . . . . . . . . . Allies Hacked 2 | . . . . . . . . . . . . 1 . . . . . . . . . . . 1 . . Hacks Repelled . | . . . . . . . . . . . . . . . . . . . . . . . . . . . Allies | -11 -10 -10 -10 -9 -8 -7 -7 -7 -7 -5 -5 -5 -5 -5 -5 -4 -4 -4 -4 -4 -4 -4 -3 -3 -3 -2 -------- Run | Yrd Mat Min Exi Min Mat Fac Sto Rec Scr Fac Was Fac Upp Upp War Pro Fac Was Fac Upp Upp Zhi Pro Res Tes Res Total Allies 53 | . . . . 3 . 1 2 16 5 . 1 2 . . 1 . . 19 1 . . . . 2 . . Largest Group 19 | . . . . 3 3 1 2 12 12 12 3 2 . . 1 . . 19 17 . . . . 1 . . Highest-Rated Group 684 | . . . . 40 40 32 62 257 403 403 118 86 . . 47 . . 684 626 . . . . 139 . . Highest-Rated Ally 139 | . . . . 16 16 32 31 40 47 47 47 43 . . 47 . . 50 50 . . . . 139 . . Total Orders 48 | . . . . . . 1 2 . 3 . . 6 5 10 6 . . . 6 . . . . 9 . . STAY 13 | . . . . . . 1 . . 2 . . 1 . . 2 . . . 3 . . . . 4 . . FOLLOW 11 | . . . . . . . . . 1 . . . . 1 1 . . . 3 . . . . 5 . . EXPLORE 18 | . . . . . . . 2 . . . . 5 2 8 1 . . . . . . . . . . . RETURN 6 | . . . . . . . . . . . . . 3 1 2 . . . . . . . . . . . Ally Attacks 486 | . . . . 2 22 6 37 22 . 210 22 24 . . 16 . . . 76 . . . . 49 . . Total Damage 14182 | . . . . 26 154 166 583 755 . 4290 356 610 . . 537 . . . 3732 . . . . 2973 . . Kills 92 | . . . . . 3 4 2 6 . 30 . 5 . . 2 . . . 25 . . . . 15 . . Allies Corrupted 1 | . . . . . . . . . . . . . . . 1 . . . . . . . . . . . Allies Melted . | . . . . . . . . . . . . . . . . . . . . . . . . . . . Intel | -11 -10 -10 -10 -9 -8 -7 -7 -7 -7 -5 -5 -5 -5 -5 -5 -4 -4 -4 -4 -4 -4 -4 -3 -3 -3 -2 ------- Run | Yrd Mat Min Exi Min Mat Fac Sto Rec Scr Fac Was Fac Upp Upp War Pro Fac Was Fac Upp Upp Zhi Pro Res Tes Res Active Infowar (turns) 7355 | 43 1280 512 . . . . . . . . . 95 . . . . . . . 724 340 133 486 2364 984 394 Sensors 95 | . . . . . . . . . . . . 95 . . . . . . . . . . . . . . Terrain 2460 | 43 722 . . . . . . . . . . . . . . . . . . 724 340 133 486 12 . . Structural 1070 | . 558 512 . . . . . . . . . . . . . . . . . . . . . . . . Decoding 3742 | . . . . . . . . . . . . . . . . . . . . . . . . 2364 984 394 Robot Analysis Total 13 | . 2 . . . 3 . . . . . . . . . . . . . 1 . . 4 . 1 1 1 Derelict Logs Recovered 8 | . . 2 . . . . . . . . . . 1 1 . 3 . . . . 1 . . . . . Drone Launches 19 | . . . . . . . 2 . . . . 5 4 6 2 . . . . . . . . . . . Drone Recoveries 13 | . . . . . . . . . . . . 3 2 6 2 . . . . . . . . . . . Decoded 0b10 Intel 205 | . . . . . . . . . . . . . . . . . . . . . . . . 129 50 26 Items 205 | . . . . . . . . . . . . . . . . . . . . . . . . 129 50 26 Exploration | -11 -10 -10 -10 -9 -8 -7 -7 -7 -7 -5 -5 -5 -5 -5 -5 -4 -4 -4 -4 -4 -4 -4 -3 -3 -3 -2 ------------- Run | Yrd Mat Min Exi Min Mat Fac Sto Rec Scr Fac Was Fac Upp Upp War Pro Fac Was Fac Upp Upp Zhi Pro Res Tes Res Turns Passed 27854 | 137 1280 721 168 123 3727 3304 1106 1348 2198 865 237 1845 1028 583 1396 174 375 205 1255 776 465 149 486 2364 984 555 Spaces Moved 24188 | 51 799 631 197 108 1774 1670 416 602 1589 513 133 1395 1316 342 1507 332 544 176 1868 1280 835 265 675 3014 1294 862 Core 66 | 2 3 1 . . . . . . . . . . . . . . . . . . . . . . . 60 Treads 3842 | 49 331 . . . 1502 1670 290 . . . . . . . . . . . . . . . . . . . Legs 3880 | . . . . . 1 . 126 602 1589 513 133 916 . . . . . . . . . . . . . . Wheels 1671 | . 465 630 197 108 271 . . . . . . . . . . . . . . . . . . . . . Hover 14657 | . . . . . . . . . . . . 479 1316 342 1507 332 544 176 1868 1280 835 265 675 3014 1294 730 Flight 72 | . . . . . . . . . . . . . . . . . . . . . . . . . . 72 Fastest Speed 30 | 50 90 80 80 95 80 160 120 120 120 120 120 40 44 46 44 44 36 44 40 44 44 44 40 33 30 32 Average Speed 81 | 155 119 89 82 95 151 161 152 168 120 121 120 94 57 102 57 44 42 44 43 44 44 44 44 41 45 43 Slowest Speed 350 | 160 350 350 95 95 260 162 240 190 120 190 190 192 108 108 108 104 53 44 48 44 44 44 104 108 117 220 Overloaded Moves 253 | . . . . . . . . . . . . . . . . . . . . . . . . . 224 29 Propulsion Burnouts . | . . . . . . . . . . . . . . . . . . . . . . . . . . . Robots Hopped 1 | . . . . . . . . . . . . . . . . . . . . . . . . . . 1 Potential Cave-ins 8 | . . . . . . . . . . . . . . 2 1 . . . . . . . . . 3 2 Cave-ins Triggered 1 | . . . . . . . . . . . . . . . . . . . . . . . . . 1 . Teleports 1 | . . . . . . . . . . . . . . . . . . . . . . . . . 1 . Exploration Rate (%) 62 | 5 96 79 53 34 96 39 74 74 83 14 68 34 99 75 95 53 25 88 36 85 76 62 64 61 85 35 Regions Visited 26 Branch Regions 15 Pre-discovered Areas 17 | . . 1 1 . 4 1 . 2 . 1 . . 1 . . 1 . . 1 . . 3 1 . . . Known Exits Taken 11 | . . . . . 1 1 1 . 1 . . . . 1 . 1 . . 1 1 . . 1 1 1 . Unknown Exits Taken 11 | 1 1 1 1 1 . . . 1 . . . 1 1 . 1 . . . . . 1 1 . . . . Scrap Searched 26 | . . 1 . 1 . . . . 4 . . . 5 4 . 2 . . . 3 4 . 2 . . . Spaces Dug 183 | . . . . . . 8 . . . 7 . 36 . 6 . . 18 41 11 4 . . 9 21 2 20 Terrain Destroyed 1795 | . 9 38 . . . 77 187 18 . 76 80 195 15 10 182 38 109 69 191 45 32 . 68 201 26 129 Melee 3 | . . . . . . . . . . . . . . . . . . . . . . . . 2 . 1 Projectile 582 | . . . . . . 26 40 18 . 23 11 56 15 10 14 9 19 36 87 22 32 . 17 99 26 22 AOE 1209 | . 9 38 . . . 51 147 . . 53 69 139 . . 168 29 90 33 104 23 . . 51 99 . 106 Terrain Rammed . | . . . . . . . . . . . . . . . . . . . . . . . . . . . Walls Destroyed . | . . . . . . . . . . . . . . . . . . . . . . . . . . . Machines Disabled . | . . . . . . . . . . . . . . . . . . . . . . . . . . . Actions | -11 -10 -10 -10 -9 -8 -7 -7 -7 -7 -5 -5 -5 -5 -5 -5 -4 -4 -4 -4 -4 -4 -4 -3 -3 -3 -2 --------- Run | Yrd Mat Min Exi Min Mat Fac Sto Rec Scr Fac Was Fac Upp Upp War Pro Fac Was Fac Upp Upp Zhi Pro Res Tes Res Total 29819 | 75 943 731 207 118 2496 1954 662 886 1886 667 169 1774 1572 553 1970 344 635 246 2148 1468 880 291 842 3758 1542 1002 Wait 2693 | . 7 36 . . 385 36 95 53 265 57 2 155 195 185 346 1 19 40 113 158 13 . 124 320 64 24 Move 24162 | 50 798 630 196 107 1773 1670 415 601 1588 513 132 1394 1315 341 1506 331 544 175 1867 1279 834 264 674 3013 1292 860 Hop 1 | . . . . . . . . . . . . . . . . . . . . . . . . . . 1 Pick Up 286 | 1 9 8 5 3 35 19 8 5 12 10 2 27 6 3 22 . 8 2 18 2 . 3 3 49 18 8 Fast Attach 193 | 7 4 2 . 1 26 16 17 2 1 5 1 16 8 . 3 . 8 . 15 2 2 6 4 24 17 6 Attach 134 | . . 4 . . 15 9 10 1 3 2 1 6 1 . 6 . 5 . 7 1 . 1 . 27 17 18 Detach 84 | . 1 1 . . 9 6 4 . 1 3 3 5 5 . 1 . . . 7 . 1 2 . 14 6 15 Swap 373 | . 4 6 1 1 30 23 19 4 3 15 3 45 14 5 19 5 14 2 24 10 4 3 9 72 32 6 Drop 363 | . 3 10 5 1 43 27 5 3 13 17 4 36 16 4 23 . 10 3 24 5 . 6 11 62 21 11 Fire 1255 | 17 117 34 . 5 180 142 89 20 . 42 21 68 9 15 34 7 23 24 73 11 25 . 17 165 74 43 Melee 34 | . . . . . . . . . . . . 14 . . . . . . . . . 6 . 11 . 3 Ram 9 | . . . . . . . . . . . . 4 . . . . . . . . . . . . . 5 Kick 4 | . . . . . . . . 1 . 3 . . . . . . . . . . . . . . . . Crush . | . . . . . . . . . . . . . . . . . . . . . . . . . . . Escape Stasis 11 | . . . . . . . . . . . . 4 . . . . 4 . . . . . . . 1 2 Rewire 207 | . . . . . . 6 . 196 . . . . 1 . 2 . . . . . 1 . . 1 . . Trap . | . . . . . . . . . . . . . . . . . . . . . . . . . . . Miscellaneous 10 | . . . . . . . . . . . . . 2 . 8 . . . . . . . . . . . Route ------- -11/Scrapyard -10/Materials (discovered 5 exits: [*Mat x3] / *Min / [Sub]) -10/Mines (discovered 4 exits: [*Mat x2] / *Exi / [Sub]) -10/Exiles -9/Mines -8/Materials (discovered 3 exits: *Fac x3) -7/Factory (discovered 5 exits: *Fac x2 / *Sto / *Low x2) -7/Storage (discovered 2 exits: Fac / *Rec) -7/Recycling (discovered 2 exits: *Fac / *Scr) -7/Scraptown (discovered 2 exits: *Fac x2) -5/Factory (discovered 2 exits: *Upp / Ext) -5/Waste -5/Factory (discovered 3 exits: *Fac x2 / *Upp) -5/Upper Caves -5/Upper Caves -5/Warlord -4/Proximity Caves -4/Factory (discovered 4 exits: *Res / *Upp x2 / Arm) -4/Waste -4/Factory (discovered 4 exits: *Res x2 / *Upp x2) -4/Upper Caves -4/Upper Caves (discovered 2 exits: *Res / *Zhi) -4/Zhirov -3/Proximity Caves -3/Research (discovered 5 exits: *Res x3 / *Tes x2) -3/Testing -2/Research (discovered 4 exits: *Acc x3 / Qua) History --------- Turn | Location | Event 15 | -11/Scrapyard | Discovered new exit (range 16) 138 | -11/Scrapyard | Entered Materials 314 | -10/Materials | Build established: Mutant 749 | -10/Materials | Discovered new exit (range 6) 966 | -10/Materials | Discovered new exit (range 9) 1040 | -10/Materials | Discovered new exit (range 9) 1100 | -10/Materials | Discovered new exit (range 10) 1159 | -10/Materials | Discovered new exit (range 11) 1418 | -10/Materials | Entered Mines 1466 | -10/Mines | Met a Derelict bent on vengeance 1486 | -10/Mines | Learned location of 1 exit from Materials 1582 | -10/Mines | Discovered new exit (range 3) 1612 | -10/Mines | Discovered new exit (range 3) 1716 | -10/Mines | Received a Rocket Launcher from a helpful Derelict 1738 | -10/Mines | Build established: Scavenger-Mutant 1876 | -10/Mines | Discovered new exit (range 14) 1983 | -10/Mines | Excavation squad dispatched 1983 | -10/Mines | A large section of the Mines collapsed 2136 | -10/Mines | Deemed a non-threat by the Exiles lab entrance 2136 | -10/Mines | Discovered new exit (range 5) 2139 | -10/Mines | Entered Exiles 2177 | -10/Exiles | Met 8R-AWN 2192 | -10/Exiles | Met EX-HEX 2237 | -10/Exiles | Met EX-DEC 2243 | -10/Exiles | Build established: Mutant 2252 | -10/Exiles | Learned location of Zion (-7) 2296 | -10/Exiles | Discovered new exit (range 14) 2307 | -10/Exiles | Entered Mines 2310 | -9/Mines | Core integrity fell below 50% 2354 | -9/Mines | Found a damaged Exp. Sensor Array with a note attached 2356 | -9/Mines | Found Prototype Device 2415 | -9/Mines | Discovered new exit (range 9) 2416 | -9/Mines | Assembled infested the area 2423 | -9/Mines | Assisted by bots powering up and referring to "LRC-V3" 2430 | -9/Mines | Entered Materials 2430 | -8/Materials | Accompanied by 3 allies 2430 | -8/Materials | Evolved 4 slots: Propulsion x1, Utility x1, Weapon x2 2431 | -8/Materials | Identified exit to Factory 2561 | -8/Materials | Lost 3 parts (2n1w) 2788 | -8/Materials | Build established: Scavenger-Gunner 2797 | -8/Materials | Discovered exit to Factory (range 5) 2870 | -8/Materials | Identified Exp. Sensor Array 3296 | -8/Materials | Learned Factory trap positions 3358 | -8/Materials | Central database locked down 3447 | -8/Materials | Learned location of Extension (-5) 3625 | -8/Materials | Learned location of 1 exit from Extension 3666 | -8/Materials | Learned location of 1 exit from Storage 3719 | -8/Materials | Learned Factory trap positions 3856 | -8/Materials | Learned Storage emergency access door positions 4680 | -8/Materials | Garrison activated, responded to threat 4889 | -8/Materials | Learned Factory security intel 4944 | -8/Materials | Repaired Imp. Treads 4977 | -8/Materials | Repaired Hvy. Assault Rifle 5011 | -8/Materials | Repaired Hvy. Assault Rifle 5072 | -8/Materials | Repaired Enh. Autogun 5078 | -8/Materials | Learned Storage garrison access intel 5117 | -8/Materials | Learned location of 1 exit from Extension 5133 | -8/Materials | Repaired Enh. Autogun 5144 | -8/Materials | Learned Storage stockpile data 5171 | -8/Materials | Repaired Hvy. Assault Rifle 5179 | -8/Materials | Learned 2 Lower Caves zone layouts 5198 | -8/Materials | Repaired Lgt. Treads 5225 | -8/Materials | Learned 2 Storage zone layouts 5232 | -8/Materials | Repaired Imp. Ion Engine 5280 | -8/Materials | Learned location of 2 exits from Lower Caves 5367 | -8/Materials | Garrison activated, responded to threat 5473 | -8/Materials | Destroyed 7 combat bots 5695 | -8/Materials | Build established: Scavenger-Tank 5747 | -8/Materials | Identified exit to Garrison 5850 | -8/Materials | Sterilization system engaged 5850 | -8/Materials | Non-combat units ordered to evacuate 5943 | -8/Materials | Destroyed 9 combat bots 5950 | -8/Materials | Combat units ordered to evacuate 6072 | -8/Materials | Build established: Scavenger-Gunner 6150 | -8/Materials | Ambient heat levels rising (+10) 6157 | -8/Materials | Entered Factory 6157 | -7/Factory | Evolved 2 slots: Propulsion x1, Utility x1 6158 | -7/Factory | Identified exit to Factory 6158 | -7/Factory | Identified exit to Storage 6158 | -7/Factory | Identified exit to Lower Caves 6159 | -7/Factory | Loaded intel: 84 trap records 6456 | -7/Factory | Build established: Scavenger-Tank 7202 | -7/Factory | Discovered exit to Factory (range 13) 7318 | -7/Factory | Build established: Scavenger-Gunner 7466 | -7/Factory | Learned 2 Extension zone layouts 7495 | -7/Factory | Garrison activated, responded to threat 7509 | -7/Factory | Learned Extension terminal intel 7542 | -7/Factory | Learned location of 2 exits from Proximity Caves 7565 | -7/Factory | Learned location of 1 exit from Extension 7580 | -7/Factory | Learned Extension trap positions 7604 | -7/Factory | Learned Hub_04(d) interactive machine intel 7655 | -7/Factory | Discovered exit to Lower Caves (range 7) 7902 | -7/Factory | Garrison activated, responded to threat 8157 | -7/Factory | First assault squad dispatched 8561 | -7/Factory | Build established: Hacker-Gunner 9033 | -7/Factory | Lost 3 parts (2u1w) 9253 | -7/Factory | Build established: Scavenger-Tank 9461 | -7/Factory | Entered Storage 9462 | -7/Storage | Identified exit to Recycling 9465 | -7/Storage | Loaded intel: 1 garrison access location 9488 | -7/Storage | Lost 3 parts (1n2w) 9617 | -7/Storage | Build established: Scavenger-Gunner 9682 | -7/Storage | Repaired Lgt. Treads 9709 | -7/Storage | Repaired Lgt. Treads 9767 | -7/Storage | Met a pair of Derelict thieves 9849 | -7/Storage | Garrison activated, responded to threat 10050 | -7/Storage | System corruption reached 10% 10261 | -7/Storage | First assault squad dispatched 10279 | -7/Storage | Core integrity fell below 50% 10284 | -7/Storage | Lost 4 parts (3n1w) 10328 | -7/Storage | Core integrity fell below 20% 10338 | -7/Storage | Lost 6 parts (1p3n2w) 10354 | -7/Storage | Destroyed 12 combat bots 10562 | -7/Storage | Used back door to open Recycling access 10567 | -7/Storage | Entered Recycling 10568 | -7/Recycling | Identified exit to Factory 11125 | -7/Recycling | Build established: Commander-Gunner 11529 | -7/Recycling | Lost 4 allies 11835 | -7/Recycling | Scanned before Scraplab entrance 11890 | -7/Recycling | Entered Scraplab 11900 | -7/Recycling | Discovered new exit (range 3) 11915 | -7/Recycling | Entered Scraptown 11915 | -7/Scraptown | Accompanied by 7 allies 11915 | -7/Scraptown | System corruption cleaned by C-Scrubber 12112 | -7/Scraptown | Visited UFD Registry 12112 | -7/Scraptown | Registered with UFD as "Slugslider" 12144 | -7/Scraptown | Visited Science Testing Area 12328 | -7/Scraptown | Discovered exit to Factory (range 11) 12394 | -7/Scraptown | Visited Spacefarers 12835 | -7/Scraptown | Visited A0-MCA Data Center 12871 | -7/Scraptown | Visited Derelict Rescue Squad 12880 | -7/Scraptown | Found DRS Beacon 12901 | -7/Scraptown | Visited Sword Containment 12915 | -7/Scraptown | Visited Research Penetration Think Tank 12941 | -7/Scraptown | Visited Abandonware Association 12955 | -7/Scraptown | Learned abandonware demo "HACKBUD.EXE" 12955 | -7/Scraptown | Learned abandonware demo "POISON.EXE" 12988 | -7/Scraptown | Visited Scrapoid Pod Storage 12996 | -7/Scraptown | Found Scrapoid Pod 13025 | -7/Scraptown | Visited Curators Association 13297 | -7/Scraptown | Given an A- rating by A0-MCA 13302 | -7/Scraptown | Found A0-MCA's Component Scanner 13774 | -7/Scraptown | Scrapoid Pod released 07S05-D (x5) 13838 | -7/Scraptown | Discovered exit to Factory (range 3) 14034 | -7/Scraptown | Met Optimus 14034 | -7/Scraptown | Accepted into 0bPrime 14113 | -7/Scraptown | Entered Factory 14113 | -5/Factory | Accompanied by 12 allies 14113 | -5/Factory | Evolved 4 slots: Power x1, Propulsion x1, Utility x2 14114 | -5/Factory | Identified exit to Extension 14115 | -5/Factory | Loaded intel: 62 trap records 14199 | -5/Factory | Fabricated Hardcell Cannon (x2) 14262 | -5/Factory | Loaded intel: 8 recycling unit locations 14335 | -5/Factory | Garrison activated, responded to threat 14373 | -5/Factory | Learned location of Protoforge (-2) 14670 | -5/Factory | Build established: Scavenger-Gunner 14676 | -5/Factory | Discovered new exit (range 5) 14794 | -5/Factory | P-70 Sage assimilated allied Guardian 4b 14823 | -5/Factory | Destroyed 7 combat bots 14948 | -5/Factory | High security lockdown imminent 14978 | -5/Factory | Sucked down chute 14978 | -5/Factory | Entered Waste 14979 | -5/Waste | Met a frightened Derelict 14988 | -5/Waste | 1 allies followed down the chute 14990 | -5/Waste | Spotted C-40 Crusher 14993 | -5/Waste | EMP discharged 15009 | -5/Waste | Spotted C-40 Crusher 15009 | -5/Waste | Spotted C-40 Crusher 15018 | -5/Waste | 2 allies followed down the chute 15021 | -5/Waste | Destroyed C-40 Crusher 15030 | -5/Waste | Destroyed C-40 Crusher 15036 | -5/Waste | Spotted C-40 Crusher 15038 | -5/Waste | Spotted C-40 Crusher 15041 | -5/Waste | Destroyed C-40 Crusher 15080 | -5/Waste | Destroyed C-40 Crusher 15093 | -5/Waste | EMP discharged 15093 | -5/Waste | System corruption reached 10% 15102 | -5/Waste | Spotted C-40 Crusher 15147 | -5/Waste | Crushed by Compactor (1 part destroyed, 1 dropped) 15193 | -5/Waste | EMP discharged 15197 | -5/Waste | Discovered new exit (range 16) 15215 | -5/Waste | Entered Factory 15511 | -5/Factory | Fabricated X-67 Chaingunner? 15762 | -5/Factory | Repaired Broken Hardcell Cannon? 15803 | -5/Factory | P-70 Sage assimilated allied Chaingunner 6a 15812 | -5/Factory | System corruption reached 30% 15857 | -5/Factory | Garrison activated, responded to threat 15889 | -5/Factory | Discovered new exit (range 5) 16127 | -5/Factory | Discovered new exit (range 12) 16415 | -5/Factory | First assault squad dispatched 16427 | -5/Factory | Discovered new exit (range 56) 16795 | -5/Factory | Identified exit to Factory 16862 | -5/Factory | Noticed UFD Elites at a Recycling Unit 17034 | -5/Factory | High security lockdown imminent 17060 | -5/Factory | Entered Upper Caves 17113 | -5/Upper Caves | Spotted B-75 Beast 17114 | -5/Upper Caves | Activated DRS Beacon 17155 | -5/Upper Caves | Found DCF Scrap (14 items) 17234 | -5/Upper Caves | Destroyed B-75 Beast 17415 | -5/Upper Caves | Attracted the attention of an 0b10 outpost 17704 | -5/Upper Caves | Attracted the attention of an 0b10 checkpoint 17812 | -5/Upper Caves | Discovered new exit (range 43) 17979 | -5/Upper Caves | Encountered a Warlord checkpoint 18088 | -5/Upper Caves | Entered another Upper Caves area 18088 | -5/Upper Caves | Accompanied by 2 allies 18216 | -5/Upper Caves | Encountered a Warlord checkpoint 18248 | -5/Upper Caves | Identified exit to Warlord 18671 | -5/Upper Caves | Entered Warlord 18706 | -5/Warlord | System corruption cleaned by Quarantine Array 18877 | -5/Warlord | Found Exp. Core Analyzer 18882 | -5/Warlord | Found System Mapper 18889 | -5/Warlord | Found Exp. Focal Shield 18898 | -5/Warlord | Found Vortex Chain Reactor 18969 | -5/Warlord | Discovered new exit (range 101) 19046 | -5/Warlord | Learned Factory terminal intel 19046 | -5/Warlord | Learned Factory repair station intel 19046 | -5/Warlord | Learned 4 Research zone layouts 19046 | -5/Warlord | Learned 4 Research zone layouts 19046 | -5/Warlord | Learned 4 Command zone layouts 19047 | -5/Warlord | Learned Testing trap positions 19047 | -5/Warlord | Learned Research emergency access door positions 19108 | -5/Warlord | Warlord's base attacked by MAIN.C 19130 | -5/Warlord | Found RU-N14's Throwing Claymores v3 19131 | -5/Warlord | Found RU-N14's Throwing Claymores v3 19132 | -5/Warlord | Found RU-N14's Throwing Claymores v3 19134 | -5/Warlord | Found RU-N14's Throwing Claymores v3 19135 | -5/Warlord | Found RU-N14's Throwing Claymores v3 19137 | -5/Warlord | Found RU-N14's Throwing Claymores v3 19143 | -5/Warlord | Rebuked by Warlord 19266 | -5/Warlord | Destroyed 7 combat bots 19269 | -5/Warlord | Lost 3 allies 19292 | -5/Warlord | Destroyed 7I-7OT(g) 19313 | -5/Warlord | Destroyed 7 combat bots 19458 | -5/Warlord | Warlord forces counterattacked 19484 | -5/Warlord | Found Vortex Lance 19486 | -5/Warlord | Found Vortex Lance 19546 | -5/Warlord | Spotted Executioner 19546 | -5/Warlord | Destroyed Executioner 19567 | -5/Warlord | Lost 3 allies 19616 | -5/Warlord | Spotted Striker 19664 | -5/Warlord | Lost 11 allies 19773 | -5/Warlord | Spotted Striker 19781 | -5/Warlord | Spotted Executioner 19783 | -5/Warlord | Warlord base infiltrated, sounded retreat 19785 | -5/Warlord | Destroyed Executioner 19815 | -5/Warlord | Lost 4 allies 19922 | -5/Warlord | Spotted Striker 19935 | -5/Warlord | Spotted Striker 19937 | -5/Warlord | Spotted Striker 19985 | -5/Warlord | Lost 11 allies 20008 | -5/Warlord | Spotted Executioner 20008 | -5/Warlord | Spotted Striker 20019 | -5/Warlord | Destroyed CF-UJJ(K) 20067 | -5/Warlord | Entered Proximity Caves 20178 | -4/Proximity Caves | Learned Research stockpile data 20230 | -4/Proximity Caves | Learned location of Quarantine (-2) 20237 | -4/Proximity Caves | Learned Research emergency access door positions 20241 | -4/Proximity Caves | Entered Factory 20241 | -4/Factory | Evolved 2 slots: Propulsion x1, Utility x1 20242 | -4/Factory | Identified exit to Research 20243 | -4/Factory | Loaded intel: 26 terminal locations 20244 | -4/Factory | Loaded intel: 6 repair station locations 20307 | -4/Factory | Identified exit to Upper Caves 20307 | -4/Factory | Identified exit to Armory 20417 | -4/Factory | Lost 4 parts (1p2n1w) 20460 | -4/Factory | Spotted B-86 Titan 20578 | -4/Factory | Loaded intel: 8 recycling unit locations 20585 | -4/Factory | Destroyed 8 combat bots 20616 | -4/Factory | Sucked down chute 20616 | -4/Factory | Entered Waste 20623 | -4/Waste | Spotted C-40 Crusher 20628 | -4/Waste | Spotted C-40 Crusher 20631 | -4/Waste | EMP discharged 20639 | -4/Waste | Destroyed C-40 Crusher 20648 | -4/Waste | Destroyed C-40 Crusher 20652 | -4/Waste | Spotted C-40 Crusher 20656 | -4/Waste | Destroyed C-40 Crusher 20666 | -4/Waste | Spotted C-40 Crusher 20677 | -4/Waste | Build established: Hacker-Gunner 20684 | -4/Waste | Destroyed C-40 Crusher 20699 | -4/Waste | Spotted C-40 Crusher 20706 | -4/Waste | Spotted C-40 Crusher 20711 | -4/Waste | Destroyed C-40 Crusher 20721 | -4/Waste | Destroyed C-40 Crusher 20731 | -4/Waste | EMP discharged 20731 | -4/Waste | System corruption reached 10% 20757 | -4/Waste | Met Warlord forces unprepared to attack 20775 | -4/Waste | Discovered new exit (range 13) 20821 | -4/Waste | Entered Factory 20821 | -4/Factory | Accompanied by 17 allies 20878 | -4/Factory | Repaired Tiamat Missile Launcher 20919 | -4/Factory | Lost 4 allies 20928 | -4/Factory | Garrison activated, responded to threat 21002 | -4/Factory | Discovered exit to Research (range 6) 21132 | -4/Factory | Discovered exit to Upper Caves (range 9) 21204 | -4/Factory | Lost 3 allies 21400 | -4/Factory | Learned Quarantine security intel 21474 | -4/Factory | Learned Armory stockpile data 21492 | -4/Factory | Discovered exit to Upper Caves (range 6) 21498 | -4/Factory | Learned location of 1 exit from Upper Caves 21513 | -4/Factory | Learned location of 2 exits from Research 21518 | -4/Factory | Learned location of 1 exit from Research 21600 | -4/Factory | Learned Research terminal intel 21664 | -4/Factory | Garrison activated, responded to threat 21685 | -4/Factory | Discovered exit to Research (range 4) 21709 | -4/Factory | High security lockdown imminent 21758 | -4/Factory | Destroyed 10 combat bots 21789 | -4/Factory | High security lockdown engaged 21806 | -4/Factory | Fabricated Vortex Chain Reactor? 22076 | -4/Factory | Entered Upper Caves 22076 | -4/Upper Caves | Spotted B-86 Titan 22077 | -4/Upper Caves | Identified exit to Upper Caves 22280 | -4/Upper Caves | Encountered a Warlord checkpoint 22852 | -4/Upper Caves | Entered another Upper Caves area 22852 | -4/Upper Caves | Discovered exit to Research (range 11) 22975 | -4/Upper Caves | Learned 8 Research zone layouts 23028 | -4/Upper Caves | Spotted B-86 Titan 23114 | -4/Upper Caves | Encountered a Warlord checkpoint 23120 | -4/Upper Caves | Discovered new exit (range 15) 23130 | -4/Upper Caves | Found Alien Artifact 23130 | -4/Upper Caves | Identified Dimensional Node Initializer 23130 | -4/Upper Caves | Initialized slip node 23317 | -4/Upper Caves | Entered Zhirov 23317 | -4/Zhirov | Discovered new exit (range 3) 23325 | -4/Zhirov | Met Zhirov 23349 | -4/Zhirov | Found Alien Artifact 23349 | -4/Zhirov | Identified Integrated Dissipator 23349 | -4/Zhirov | Installed Integrated Dissipator, increased core heat dissipation (+20) 23428 | -4/Zhirov | Found Alien Artifact 23442 | -4/Zhirov | Learned location of Testing (-3) 23442 | -4/Zhirov | Learned location of Command (-1) 23446 | -4/Zhirov | Zhirov requested help retrieving the SGEMP Prototype 23466 | -4/Zhirov | Entered Proximity Caves 23541 | -3/Proximity Caves | Spotted B-86 Titan 23942 | -3/Proximity Caves | Learned Factory trap positions 23942 | -3/Proximity Caves | Learned Extension emergency access door positions 23952 | -3/Proximity Caves | Entered Research 23952 | -3/Research | Evolved 2 slots: Utility x2 23953 | -3/Research | Identified exit to Research 23953 | -3/Research | Identified exit to Testing 23957 | -3/Research | Loaded intel: 22 terminal locations 24115 | -3/Research | Spotted B-86 Titan 24296 | -3/Research | Spotted B-86 Titan 24315 | -3/Research | Loaded intel: 5 recycling unit locations 24466 | -3/Research | Lost 3 parts (3n) 24571 | -3/Research | Learned location of 1 exit from Research 24609 | -3/Research | Adv. Hacking Suite fried by hacking feedback 24640 | -3/Research | Learned Testing trap positions 24640 | -3/Research | Lost 4 parts (2n2u) 24701 | -3/Research | Learned Access fabricator intel 24750 | -3/Research | Learned 4 Testing zone layouts 24790 | -3/Research | Learned Access stockpile data 24822 | -3/Research | Learned location of 1 exit from Quarantine 24842 | -3/Research | Learned 8 Research zone layouts 24908 | -3/Research | Learned 12 Research zone layouts 25014 | -3/Research | Discovered exit to Research (range 13) 25055 | -3/Research | Build established: Scavenger-Gunner 25292 | -3/Research | Found Exp. Hacking Suite 25394 | -3/Research | Repaired Imp. Antigrav System? 25416 | -3/Research | Garrison activated, responded to threat 25452 | -3/Research | First assault squad dispatched 25611 | -3/Research | Scraphulk reinforcements arrived? 25660 | -3/Research | Found Exp. Targeting Computer 25667 | -3/Research | Destroyed 7 combat bots 25670 | -3/Research | Lost 4 parts (2n1u1w) 25733 | -3/Research | Spotted B-86 Titan 25761 | -3/Research | Lost 3 parts (3w) 25924 | -3/Research | Garrison activated, responded to threat 26316 | -3/Research | Entered Testing 26318 | -3/Testing | Loaded intel: 16 trap records 26518 | -3/Testing | Core integrity fell below 50% 26558 | -3/Testing | Garrison activated, responded to threat 26566 | -3/Testing | First assault squad dispatched 26606 | -3/Testing | Crushed by falling debris 26637 | -3/Testing | Lost 3 parts (1n2u) 26638 | -3/Testing | Spotted PP-BO472H9LJZ 26651 | -3/Testing | Spotted Striker 26672 | -3/Testing | Repaired Railgun 26692 | -3/Testing | Identified Transdimensional Reconstructor 26692 | -3/Testing | Warped through subspace 26905 | -3/Testing | System corruption reached 10% 26913 | -3/Testing | Found Prototype Launcher 27063 | -3/Testing | Found Prototype Energy Gun 27063 | -3/Testing | Identified Tachyon Dispersion Ray 27116 | -3/Testing | Protovariant out of control (PP-BO472H9LJZ) 27116 | -3/Testing | Unleashed a protovariant (PP-BO472H9LJZ) 27150 | -3/Testing | Spotted Striker 27154 | -3/Testing | Spotted Alpha 7 27157 | -3/Testing | Stole the SGEMP Prototype 27177 | -3/Testing | Identified Com. Tesla Bomb Launcher 27196 | -3/Testing | Lost 8 parts (1p4n1u2w) 27282 | -3/Testing | Lost 4 parts (2n1u1w) 27300 | -3/Testing | Entered Research 27300 | -2/Research | Evolved 2 slots: Propulsion x1, Weapon x1 27301 | -2/Research | Identified exit to Access 27301 | -2/Research | Identified exit to Quarantine 27404 | -2/Research | Loaded intel: 5 recycling unit locations 27576 | -2/Research | Lost 5 parts (1p4n) 27682 | -2/Research | Garrison activated, responded to threat 27809 | -2/Research | Lost 11 parts (6n4u1w) 27827 | -2/Research | Spotted B-90 Cyclops 27834 | -2/Research | Core integrity fell below 50% 27843 | -2/Research | System corruption reached 10% 27846 | -2/Research | Core integrity fell below 20% 27846 | -2/Research | Spotted B-90 Cyclops 27855 | -2/Research | Destroyed by S-43 Plague with Heavy Machine Gun Last Messages --------------- 27842_ Slug penetrates Wall. 27843_ C-30 ARC bursts open, deploying its payload. 27843_ S-43 Plague unfolds itself. 27843_ Slammed into S-43 Plague. 27845_ Acquired 105 matter. 27845_ K-01 Serf collects debris. 27845_ Slammed into S-43 Plague. 27847_ Destabilizing: System interference. 27847_ Adv. Coolant Injector temporarily disabled. 27847_ Adv. Target Analyzer temporarily disabled. 27850_ Adv. Coolant Injector destroyed. 27851_ Triggered Segregator Trap. 27851_ Arcs of energy rise from the floor. 27851_ Adv. Target Analyzer blown off. 27851_ Exp. Hacking Suite blown off. 27855_ O-32 Director uses terminal to summon reinforcements. 27855_ ALERT: Hostiles spotted, dispatching reinforcements to Terminal R017. 27855_ O-32 Director locks terminal. Map ----- +----------------------------------------------------+ | ?????????????????????????????????????????????????? | | ?????????????????????????????????????????????????? | | ?????????????????????????????????????????????????? | | ?????????????????????????????????????????????????? | | ?????????????????????????????????????????????????? | | ?????????????????????????????????????????????????? | | +????????????????????????????????????????????????? | | ?????????????????????????????????????????????????? | | ?????????????????????????????????????????????????? | | ?????????????????????????????????????????????????? | | ?????????????????????????????????????????????????? | | ?????????????????????????????????????????????????? | | ?????????????????????????????????????????????????? | | ?????????????????????????????????????????????????? | | ?????????????????????????????????????????????????? | | ?????????????????????????????????????????????????? | | ??????????????????????????????????????????????R??? | | ???????????????#???######????????????????????????? | | ?????????????### ### ##############??????????? | | ?????????????? ??????????? | | ???????????????? < ??????????? | | ?????????????????? Y ?????R?????? | | ???????????????????# w ??????????????? | | ????????????????????# k###??????????????? | | ????????????????????# "#??????????????? | | ????????????????????# @ ""#??????????????? | | ????????????????????# //! ""#??????????????? | | ????????????????????# //! ""#??????????????? | | ????????????????????# //] o""#??????????????? | | ???????????????????## ^ T"#??????????????? | | ???????????????????# s ""#??????????????? | | ???????????????????# s ss ""#??????????????? | | ???????????????????# s ""##########?????? | | ???????????????????# s ""## ?????? | | ???????????????????# A ss "## ?????? | | ???????????????????# ss""""" #### ?????? | | ???????????????????# """"" BB#### ?????? | | ????????????######?# p """"" BB ## ?????? | | ????????????# # ## ?????? | | ????????????# # #### ?????? | | ????????????# + #??# ?????? | | ????????????# = # #########+##### ?????? | | ????????????# #"#???# # ?????? | | ####????????# ?# #???# # ?????? | | #????????######?# #???# # ?????? | | #???????????????# #???# # ?????? | | #??????##########/###?# # ?????? | | #??????# #?# # ?????? | | #=?????#= #?# # ?????? | | ? #??????# #?# # ?????? | +----------------------------------------------------+ Best States ------------- Heat Dissipation 104 Coolant Potential 120 Energy Generation 53 Energy Capacity 590 Matter Stores 500 Matter Capacity 800 Sight Range 16 Robot Scan Range 15 Terrain Scan Range 20 Terrain Scan Density 135 Armor Coverage 225 Resistance: KI 30 Resistance: TH 10 Resistance: EM 15 Core Shielding 40 Propulsion Shielding 66 Weapon Shielding 66 Weapon Cycling 25 Evasion (%) 70 Targeting Accuracy 12 Target Analysis 12 Core Analysis 11 Armor Integrity Analysis 40 Recoil Reduction 4 Kinecelleration 40 Offensive Hacking 44 Defensive Hacking 24 Authchip Count 1 Item Schematics ----------------- Exp. Sensor Array | -8/Materials | Scanalyzed Imp. Hacking Suite | -7/Factory | Hacked Imp. Propulsion Shielding | -7/Factory | Scanalyzed Imp. Weapon Shielding | -7/Factory | Scanalyzed Hvy. Missile Launcher | -7/Factory | Scanalyzed Exp. Cooling System | -4/Factory | Scanalyzed Vortex Chain Reactor | -4/Factory | Scanalyzed Lgt. Antimatter Cannon | -4/Factory | Scanalyzed Imp. Antigrav System | -4/Factory | Scanalyzed Cmb. Linear Gravjet | -4/Factory | Hacked Assault Drone Bay | -4/Zhirov | Free Exp. Heat Sink | -4/Zhirov | Free Exp. Optical Array | -4/Zhirov | Free Imp. Arc Thrower | -4/Zhirov | Free Mak. Propulsion Shielding | -3/Research | Scanalyzed Adv. System Restoration Module | -3/Research | Scanalyzed Railgun | -3/Research | Scanalyzed Com. Mass Driver | -3/Testing | Archive Enh. Coil Gun | -3/Testing | Archive Fusion Reactor | -3/Testing | Archive Proton Burst Cannon | -3/Testing | Archive Adv. Energy Well | -3/Testing | Archive Adv. KE Penetrator | -3/Testing | Archive Tactical Quantum Warhead | -3/Testing | Archive Adv. Dynamic Insulation System | -3/Testing | Archive Multireflex Exoskeleton | -3/Testing | Archive Cld. Impulse Thruster | -3/Testing | Archive Robot Schematics ------------------ B-74 Champion | -3/Testing | Archive S-43 Plague | -3/Testing | Archive A-15 Conveyor | -3/Testing | Archive O-32 Director | -3/Testing | Archive Fabricated ------------ Hardcell Cannon | x2 | -5/Factory | Preloaded X-67 Chaingunner | x2 | -5/Factory | Preloaded Repaired ---------- Imp. Treads | 29% | -8/Materials Hvy. Assault Rifle | 46% | -8/Materials Hvy. Assault Rifle | 74% | -8/Materials Enh. Autogun | 73% | -8/Materials Enh. Autogun | 44% | -8/Materials Hvy. Assault Rifle | 74% | -8/Materials Lgt. Treads | 56% | -8/Materials Imp. Ion Engine | 72% | -8/Materials Lgt. Treads | 9% | -7/Storage Lgt. Treads | 10% | -7/Storage Hardcell Cannon | 57% | -5/Factory | Broken Tiamat Missile Launcher | 63% | -4/Factory Imp. Antigrav System | 38% | -3/Research Railgun | 2% | -3/Testing Alien Tech Used ----------------- Dimensional Node Initializer Integrated Dissipator Transdimensional Reconstructor Achievements -------------- None Challenges ------------ None Game ------ Seed DecoyLongswordChainsaw Manual? 0 Play Time 06:15:21 Cumulative 382.8 hours Start 2025.07.07 @ 12:38:24 End 2025.07.08 @ 07:42:36 Sessions 5 Manual Loads 0 Difficulty Rogue Special Mode None Game No. 224 Rogue 224 Adventurer 0 Explorer 0 Win Type - Total 4 Types 2/0/1/1/0/0/0/0/0/0 Lore% 85 Gallery% 73 Achievement% 67 Wizard Run 0 Options --------- Layout 2 ASCII 0 Keyboard 1 Movement Vi Keybinds 0 Fullscreen 2 Font 16/Tamsyn Map View 55x47 Zoom Use 0% Tactical HUD 1 Map Filters NONE Filters NONE Steam 0 RUN: eea0097b-d041-478e-8fb8-cad36f589b9c